 Dungeon Crawl Stone Soup version 0.30.0 (webtiles) character file.

Game seed: 993722168565661165

10021198 Speno the Octopoid Barricade (level 27, 224/224 HPs)
             Began as an Octopode Monk on Aug 23, 2023.
             Was an Initiate of Gozag.
             Escaped with the Orb
             ... and 15 runes on Aug 30, 2023!
             The game lasted 1 day 00:21:04 (172461 turns).

Speno the Octopoid Barricade (Octopode Monk)  Turns: 172461, Time: 1 , 00:21:05

Health: 224/224    AC:  7    Str:  5    XL:     27
Magic:  72/72      EV: 76    Int: 31    God:    Gozag
Gold:   4436       SH: 43    Dex: 55    Spells: 0/80 levels left

rFire   + . .        m - +9 eudemon blade (holy)
rCold   + . .        d - +7 tower shield of Lugonu {Dex+5}
rNeg    + + +        q - +0 mask of the Dragon {Will+ Slay+3 SInv}
rPois   +            X - amulet "Relica Qawep" {RegenMP Contam Regen+ Int+3}
rElec   +            D - ring "Ruceats" {MP+9 Dex+6}
rCorr   +            u - ring of Conformity {+Blink rF+ rCorr MP+9 Str-4 Dex+4}
SInv    +            A - ring of Teownuit {rC- Int+6 Dex+3 SInv}
Will    ++++.        Y - ring of Puttus {rC+ rN+ Str-3 Dex+6}
Stlth   ++++         F - ring "Virchac" {rPois rN+++ Int+3 SInv Stlth-}
HPRegen 1.37/turn    B - ring of Viogiuv {Int+2 Dex+4 Slay+4}
MPRegen 0.83/turn    E - ring "Fechumy" {rElec rC+ AC+4}
                     C - ring "Feafaim" {Will+ EV+5 Dex+3}

%: no passive effects
@: studying 3 skills
A: almost no armour, amphibious, 8 rings, camouflage 1, gelatinous body 1,
(nimble swimmer 1), tentacles, iridescent scales 1, clever 1
0: Orb of Zot
}: 15/15 runes: decaying, slimy, silver, golden, iron, obsidian, icy, bone,
abyssal, demonic, glowing, magical, fiery, dark, gossamer
a: Renounce Religion, Evoke Blink, Potion Petition, Call Merchant, Bribe Branch


You escaped.
You worshipped Gozag.
Gozag was most pleased with you.
You visited 18 branches of the dungeon, and saw 88 of its levels.
You visited Pandemonium 3 times, and saw 38 of its levels.
You visited the Abyss 5 times.
You completed 2 ziggurats, and saw 54 of their levels.
You also visited: Bailey, Ice Cave and Wizlab.

You collected 97045 gold pieces.
You spent 24636 gold pieces at shops.
You paid 67973 gold pieces to Gozag.

Inventory:

Hand Weapons
 a - the +10 demon blade of the Postmodern Wars {venom, rElec Stlth+}
   (You bought it in a shop on level 2 of the Orcish Mines)

   rElec:     It insulates you from electricity.
   Stlth:     It makes you more stealthy.
 b - the +10 zealot's sword {holy, Zealotry, *Rage rN+ EV+3}
   (You took it off a deep elf death mage on level 3 of the Elven Halls)

   Zealotry:  Whenever the wielder enters a berserk rage, their allies are
   berserked alongside them.
   EV:        It affects your evasion (+3).
   rN:        It protects you from negative energy.
   *Rage:     It berserks you when you make melee attacks (+20% chance).
 c - the +7 captain's cutlass {speed, disarm}
   (You bought it in a shop on level 11 of the Dungeon)
 g - a +9 heavy double sword
 i - the +10 double sword "Xeaxkuf" {flame, +Blink rPois rF+}
   (You took it off a cherub in Pandemonium)

   rF:        It protects you from fire.
   rPois:     It protects you from poison.
   +Blink:    It lets you blink.
 j - the +6 Majin-Bo {spellvamp, MP+6 Int+6}
   (You found it on level 25 of a ziggurat)

   Int:       It affects your intelligence (+6).
   MP:        It affects your magic capacity (+6).
 m - a +9 eudemon blade of holy wrath (weapon)
Armour
 d - the +7 tower shield of Lugonu (worn) {Dex+5}
   (You acquired it on level 26 of a ziggurat)

   Dex:       It affects your dexterity (+5).
 q - the +0 mask of the Dragon (worn) {Will+ Slay+3 SInv}
   (You bought it in a shop on level 2 of the Depths)

   Slay:      It affects your accuracy & damage with ranged weapons and melee
   (+3).
   SInv:      It lets you see invisible.
   Will:      It increases your willpower.
 J - the +0 tower shield "Ovuod" {rF- Str+4 Dex+10}
   (You acquired it on level 25 of a ziggurat)

   Str:       It affects your strength (+4).
   Dex:       It affects your dexterity (+10).
   rF:        It makes you vulnerable to fire.
Magical Staves
 K - the staff of fire "Quanuell" {rF+ rN+ Int+5}
   (You found it on level 20 of a ziggurat)

   [staff of fire]

   Base accuracy: +5 Base damage: 5 Base attack delay: 1.2 This weapon's minimum
   attack delay (0.6) is reached at skill level 12.
   Int:       It affects your intelligence (+5).
   rF:        It protects you from fire.
   rN:        It protects you from negative energy.
   It falls into the 'Staves' category.
   It is a one-tentacled weapon.
 P - the staff of cold "Meushu" {rC+ MP+9 Int+4 Dex+3 Stlth+}
   (You found it on level 13 of a ziggurat)

   [staff of cold]

   Base accuracy: +5 Base damage: 5 Base attack delay: 1.2 This weapon's minimum
   attack delay (0.6) is reached at skill level 12.
   Int:       It affects your intelligence (+4).
   Dex:       It affects your dexterity (+3).
   rC:        It protects you from cold.
   MP:        It affects your magic capacity (+9).
   Stlth:     It makes you more stealthy.
   It falls into the 'Staves' category.
   It is a one-tentacled weapon.
Jewellery
 h - the ring "Onurgh" {Fire Fly Will+++ Str-3 Slay-3}
   (You found it on level 26 of a ziggurat)

   [ring of fire]

   It enhances your fire magic.
   Str:       It affects your strength (-3).
   Slay:      It affects your accuracy & damage with ranged weapons and melee
   (-3).
   rF:        It protects you from fire.
   rC:        It makes you vulnerable to cold.
   Fly:       It grants you flight.
   Will:      It greatly increases your willpower.
 r - a ring of the Octopus King {HP+2 AC+2 EV+2 SH+2 SInv}
   (You found it on level 21 of a ziggurat)

   [ring of see invisible]

   AC:        It affects your AC (+2).
   EV:        It affects your evasion (+2).
   HP:        It affects your health (+2).
   SInv:      It lets you see invisible.
   SH:        It affects your SH (+2).
 u - the ring of Conformity (right tentacle) {+Blink rF+ rCorr MP+9 Str-4 Dex+4}
   (You found it on level 7 of Tartarus)

   [ring of magical power]

   Str:       It affects your strength (-4).
   Dex:       It affects your dexterity (+4).
   rF:        It protects you from fire.
   MP:        It affects your magic capacity (+9).
   +Blink:    It lets you blink.
   rCorr:     It protects you from acid and corrosion.
 x - the ring "Rathred" {rF+ rC+ Str-3 Int+4}
   (You acquired it on level 21 of a ziggurat)

   [ring of protection from fire]

   Str:       It affects your strength (-3).
   Int:       It affects your intelligence (+4).
   rF:        It protects you from fire.
   rC:        It protects you from cold.
 A - the ring of Teownuit (on tentacle) {rC- Int+6 Dex+3 SInv}
   (You bought it in a shop on level 7 of Gehenna)

   [ring of intelligence]

   Int:       It affects your intelligence (+6).
   Dex:       It affects your dexterity (+3).
   rC:        It makes you vulnerable to cold.
   SInv:      It lets you see invisible.
 B - the ring of Viogiuv (on tentacle) {Int+2 Dex+4 Slay+4}
   (You bought it in a shop on level 2 of the Depths)

   [ring of slaying]

   Int:       It affects your intelligence (+2).
   Dex:       It affects your dexterity (+4).
   Slay:      It affects your accuracy & damage with ranged weapons and melee
   (+4).
 C - the ring "Feafaim" (on tentacle) {Will+ EV+5 Dex+3}
   (You bought it in a shop on level 2 of the Depths)

   [ring of evasion]

   EV:        It affects your evasion (+5).
   Dex:       It affects your dexterity (+3).
   Will:      It increases your willpower.
 D - the ring "Ruceats" (left tentacle) {MP+9 Dex+6}
   (You found it in Pandemonium)

   [ring of magical power]

   Dex:       It affects your dexterity (+6).
   MP:        It affects your magic capacity (+9).
 E - the ring "Fechumy" (on tentacle) {rElec rC+ AC+4}
   (You bought it in a shop on level 6 of the Dungeon)

   [ring of protection]

   AC:        It affects your AC (+4).
   rC:        It protects you from cold.
   rElec:     It insulates you from electricity.
 F - the ring "Virchac" (on tentacle) {rPois rN+++ Int+3 SInv Stlth-}
   (You bought it in a shop on level 6 of the Dungeon)

   [ring of see invisible]

   Int:       It affects your intelligence (+3).
   rPois:     It protects you from poison.
   rN:        It renders you almost immune to negative energy.
   SInv:      It lets you see invisible.
   Stlth:     It makes you less stealthy.
 H - a ring of the Octopus King {Fly HP+2 AC+2 EV+2 SH+2}
   (You took it off a deep elf elementalist on level 3 of the Elven Halls)

   [ring of flight]

   AC:        It affects your AC (+2).
   EV:        It affects your evasion (+2).
   HP:        It affects your health (+2).
   Fly:       It grants you flight.
   SH:        It affects your SH (+2).
 N - the ring of the Tortoise {AC+8}
   (You bought it in a shop on level 7 of Gehenna)

   [ring of protection]

   AC:        It affects your AC (+8).
 W - the ring of Cioppe {+Blink rPois rC+ Will+ Slay-3}
   (You took it off a deep elf master archer on level 3 of the Elven Halls)

   [ring of poison resistance]

   Slay:      It affects your accuracy & damage with ranged weapons and melee
   (-3).
   rC:        It protects you from cold.
   rPois:     It protects you from poison.
   +Blink:    It lets you blink.
   Will:      It increases your willpower.
 X - the amulet "Relica Qawep" (around mantle) {RegenMP Contam Regen+ Int+3}
   (You bought it in a shop on level 7 of Gehenna)

   [amulet of magic regeneration]

   It increases your rate of magic regeneration.
   Int:       It affects your intelligence (+3).
   Contam:    It causes magical contamination when unequipped.
   Regen:     It increases your rate of health regeneration.
 Y - the ring of Puttus (on tentacle) {rC+ rN+ Str-3 Dex+6}
   (You found it on level 5 of the Pits of Slime)

   [ring of dexterity]

   Str:       It affects your strength (-3).
   Dex:       It affects your dexterity (+6).
   rC:        It protects you from cold.
   rN:        It protects you from negative energy.
Wands
 f - a wand of digging (78)
 o - a wand of light (90)
 V - a wand of roots (163)
Scrolls
 l - 8 scrolls of fog
 p - 15 scrolls of silence
 v - 60 scrolls of teleportation
 z - 4 scrolls of blinking
 L - a scroll of summoning
 S - 2 scrolls of fear
Potions
 k - 8 potions of resistance
 n - 14 potions of lignification
 t - 2 potions of mutation
 y - 10 potions of haste
 G - 2 potions of heal wounds
 I - 5 potions of magic
 M - 15 potions of brilliance
 O - 9 potions of might
 R - 13 potions of curing
 U - 10 potions of berserk rage
 Z - 3 potions of cancellation
Miscellaneous
 e - the horn of Geryon
 s - a phantom mirror
 w - a box of beasts
 Q - 2 +2 figurines of a ziggurat
 T - a lightning rod (4/4)


   Skills:
 O Level 27 Fighting
 - Level 10.2(20.0) Short Blades
 - Level 26.5(27) Long Blades
 - Level 0.6 Staves
 - Level 4.1 Ranged Weapons
 O Level 27 Dodging
 O Level 27 Stealth
 O Level 27 Shields
 - Level 0.3 Unarmed Combat
 O Level 27 Spellcasting
 - Level 21.0 Conjurations
 - Level 14.0 Hexes
 - Level 14.0 Summonings
 - Level 15.0 Necromancy
 + Level 21.8 Translocations
 - Level 20.0 Transmutations
 O Level 27 Fire Magic
 - Level 15.0 Ice Magic
 O Level 27 Air Magic
 - Level 21.0 Earth Magic
 - Level 19.3 Evocations


You couldn't memorise any spells.
You knew the following spells:

 Your Spells              Type           Power      Damage    Failure   Level
b - Blink                 Tloc           100%       N/A       0%          2
c - Wereblood             Tmut           100%       N/A       0%          2
d - Statue Form           Tmut/Erth      70%        N/A       1%          6
k - Silence               Hex/Air        53%        N/A       0%          5
p - Monstrous Menagerie   Summ           45%        N/A       1%          7
H - Summon Horrible Thin  Summ           45%        N/A       12%         8
I - Ignition              Fire           59%        3d16      1%          8
L - Chain Lightning       Conj/Air       56%        3d75      3%          9
M - Manifold Assault      Tloc           100%       N/A       0%          4
N - Necromutation         Tmut/Necr      50%        N/A       2%          8
R - Ozocubu's Refrigerat  Ice            47%        4d17      1%          7
S - Shatter               Erth           53%        3d40*     11%         9
Y - Yara's Violent Unrav  Hex/Tmut       49%        3d19      0%          5

Your spell library contained the following spells:

 Spells                   Type           Power      Damage    Failure   Level
 Apportation              Tloc           100%       N/A       0%          1
 Beastly Appendage        Tmut           100%       N/A       0%          1
 Foxfire                  Conj/Fire      100%       2x1d9     0%          1
 Freeze                   Ice            100%       1d10      0%          1
 Kiss of Death            Conj/Necr      100%       2d13      0%          1
 Magic Dart               Conj           100%       1d8       0%          1
 Necrotise                Necr           100%       1d9       0%          1
 Sandblast                Erth           100%       2d20      0%          1
 Shock                    Conj/Air       100%       1d9       0%          1
 Slow                     Hex            100%       N/A       0%          1
 Sting                    Tmut/Pois      100%       1d8       0%          1
 Summon Small Mammal      Summ           100%       N/A       0%          1
 Call Imp                 Summ           100%       N/A       0%          2
 Cigotuvi's Dreadful Rot  Necr/Pois/Air  100%       N/A       0%          2
 Ensorcelled Hibernation  Hex/Ice        100%       N/A       0%          2
 Lesser Beckoning         Tloc           100%       N/A       0%          2
 Momentum Strike          Conj/Tloc      100%       3d10      0%          2
 Passwall                 Tmut/Erth      88%        N/A       0%          2
 Poisonous Vapours        Pois/Air       100%       N/A       0%          2
 Scorch                   Fire           100%       2d9       0%          2
 Searing Ray              Conj           100%       2d8       0%          2
 Static Discharge         Conj/Air       100%       2-7/arc   0%          2
 Sublimation of Blood     Necr           94%        N/A       0%          2
 Call Canine Familiar     Summ           91%        N/A       0%          3
 Confusing Touch          Hex            91%        N/A       0%          3
 Dazzling Flash           Conj/Hex       100%       N/A       0%          3
 Frozen Ramparts          Ice            100%       1d16      0%          3
 Gell's Gravitas          Tloc           100%       N/A       0%          3
 Hailstorm                Conj/Ice       100%       3d20      0%          3
 Ignite Poison            Fire/Tmut/Pois 95%        N/A       0%          3
 Inner Flame              Hex/Fire       100%       N/A       0%          3
 Mephitic Cloud           Conj/Pois/Air  96%        N/A       0%          3
 Ozocubu's Armour         Ice            94%        N/A       0%          3
 Portal Projectile        Hex/Tloc       100%       N/A       0%          3
 Stone Arrow              Conj/Erth      100%       3d13      0%          3
 Summon Guardian Golem    Hex/Summ       91%        N/A       0%          3
 Swiftness                Air            100%       N/A       0%          3
 Teleport Other           Tloc           100%       N/A       0%          3
 Tukima's Dance           Hex            91%        N/A       0%          3
 Vampiric Draining        Necr           94%        2d12      0%          3
 Vhi's Electric Charge    Tloc/Air       100%       N/A       0%          3
 Volatile Blastmotes      Fire/Tloc      100%       2d18      0%          3
 Airstrike                Air            59%        2d(9-25)  0%          4
 Anguish                  Hex/Necr       46%        N/A       0%          4
 Dispel Undead            Necr           94%        3d30      0%          4
 Flame Wave               Conj/Fire      100%       2d21      0%          4
 Fulminant Prism          Conj/Hex       50%        3d22      0%          4
 Ice Form                 Ice/Tmut       100%       N/A       0%          4
 Iskenderun's Mystic Bla  Conj/Tloc      100%       2d19      0%          4
 Leda's Liquefaction      Hex/Erth       50%        N/A       0%          4
 Passage of Golubria      Tloc           100%       N/A       0%          4
 Petrify                  Tmut/Erth      100%       N/A       0%          4
 Sticky Flame             Conj/Fire      100%       2d11      0%          4
 Summon Ice Beast         Ice/Summ       93%        N/A       0%          4
 Summon Lightning Spire   Summ/Air       100%       N/A       0%          4
 Arcjolt                  Conj/Air       56%        1d66      0%          5
 Blade Hands              Tmut           52%        N/A       0%          5
 Borgnjor's Vile Clutch   Necr/Erth      50%        N/A       0%          5
 Fireball                 Conj/Fire      56%        3d22      0%          5
 Freezing Cloud           Conj/Ice/Air   53%        6-21      0%          5
 Irradiate                Conj/Tmut      53%        3d29      0%          5
 Iskenderun's Battlesphe  Conj           100%       2d15      0%          5
 Lee's Rapid Deconstruct  Erth           53%        3d25*     0%          5
 Summon Forest            Summ/Tloc      50%        N/A       0%          5
 Conjure Ball Lightning   Conj/Air       56%        3x3d20    0%          6
 Dispersal                Tloc           54%        N/A       0%          6
 Iron Shot                Conj/Erth      53%        9d10      0%          6
 Plasma Beam              Fire/Air       59%        2x1d81    0%          6
 Starburst                Conj/Fire      56%        6d15      0%          6
 Spider Form              Tmut/Pois      81%        N/A       1%          3
 Cause Fear               Hex            45%        N/A       1%          4
 Agony                    Necr           94%        N/A       1%          5
 Alistair's Intoxication  Tmut/Pois      54%        N/A       1%          5
 Metabolic Englaciation   Hex/Ice        46%        N/A       1%          5
 Summon Mana Viper        Hex/Summ       91%        N/A       1%          5
 Death Channel            Necr           47%        N/A       1%          6
 Eringya's Noxious Bog    Tmut/Pois      40%        N/A       1%          6
 Summon Cactus Giant      Summ           45%        N/A       1%          6
 Dragon Form              Tmut           52%        N/A       1%          7
 Enfeeble                 Hex            45%        N/A       1%          7
 Haunt                    Necr/Summ      46%        N/A       1%          7
 Malign Gateway           Summ/Tloc      50%        N/A       1%          7
 Orb of Destruction       Conj           53%        9d13      1%          7
 Spellforged Servitor     Conj/Summ      50%        N/A       1%          7
 Storm Form               Tmut/Air       56%        N/A       1%          7
 Summon Hydra             Summ           45%        N/A       1%          7
 Disjunction              Tloc           54%        N/A       1%          8
 Lehudib's Crystal Spear  Conj/Erth      53%        10d13     1%          8
 Maxwell's Capacitive Co  Air            59%        ∞         1%          8
 Fire Storm               Conj/Fire      56%        8d14      3%          9
 Olgreb's Toxic Radiance  Pois           41%        N/A       5%          4
 Borgnjor's Revivificati  Necr           47%        N/A       8%          8
 Infestation              Necr           47%        N/A       8%          8
 Discord                  Hex            45%        N/A       12%         8
 Death's Door             Necr           47%        N/A       77%         9
 Polar Vortex             Ice            47%        N/A       77%         9
 Dragon's Call            Summ           45%        N/A       88%         9
 Animate Armour           Summ/Erth      Unusable   N/A       N/A         4
 Animate Dead             Necr           Unusable   N/A       N/A         4
 Simulacrum               Ice/Necr       Unusable   N/A       N/A         6

Dungeon Overview and Level Annotations

Branches:
Dungeon (15/15)            Temple (1/1) D:5            Lair (5/5) D:9
  Swamp (4/4) Lair:2       Spider (4/4) Lair:2        Slime (5/5) Lair:5
    Orc (2/2) D:12            Elf (3/3) Orc:2        Vaults (5/5) D:14
  Crypt (3/3) Vaults:2       Tomb (3/3) Crypt:3      Depths (4/4) D:15
   Hell (visited)             Dis (7/7) Hell            Geh (7/7) Hell
    Coc (7/7) Hell            Tar (7/7) Hell            Zot (5/5) Depths:4
 Bailey (visited)           IceCv (visited)          WizLab (visited)

Altars:
Ashenzari
Cheibriados
Dithmenos
Elyvilon
Fedhas
Gozag
Hepliaklqana
Kikubaaqudgha
Makhleb
Nemelex Xobeh
Okawaru
Qazlal
Ru
Sif Muna
Trog
Uskayaw
Vehumet
Wu Jian
Xom
Yredelemnul
Zin
The Shining One
Jiyva

Shops:
D:2 [   D:6 =   D:9 (*   D:10 *   D:11 (   D:12 ?=   Orc:2 [*?(*[=(:[*
Elf:1 ?   Elf:3 [(:[(   Spider:1 (   Slime:1 ?   Geh:7 =   Depths:1 !
Depths:2 =[*=[=[=[[**   Depths:3 !   Depths:4 ?

Portals:
Hell: Depths:1 Depths:2 Depths:3 Depths:4
Abyss: Depths:1 Depths:3 Depths:4
Pandemonium: Depths:2 Depths:4

Annotations:
D:10 1 transporter


Innate Abilities, Weirdness & Mutations

You cannot wear most types of armour.
You are amphibious.
You can wear up to eight rings at the same time.
Your skin changes colour to match your surroundings (Stealth+).
Your rubbery body absorbs attacks. (AC +1, EV +1)
((You are camouflaged when in or above water. (Stealth+)))
You have tentacles for arms and can constrict up to eight enemies at once.
You are partially covered in iridescent scales. (AC +2)
Your mind is acute. (Int +4, Str/Dex -1)


Message History

You see here a +0 whip.
There is a stone staircase leading up here.
You can't go down here!
You climb upwards.
There is a stone staircase leading down here.
There is an open door here.
There is an open door here.
There is a stone staircase leading up here.
You climb upwards.
There is a stone staircase leading down here.
You hear a grinding noise.
You hear a grinding noise.
You hear a grinding noise.
There is a stone staircase leading up here.
You climb upwards.
There is a stone staircase leading down here.
You climb downwards.
You block the sixfirhy's attack. x2
You hear a grinding noise.
There is a stone staircase leading up here.
You climb upwards.
There is a stone staircase leading down here.
You closely miss the sixfirhy. You grab the sixfirhy. You squeeze the sixfirhy!
The sixfirhy is moderately wounded.
You constrict the sixfirhy. You slash the sixfirhy!
The sixfirhy convulses!
You kill the sixfirhy!
You now have 4436 gold pieces (gained 4).
There is a stone staircase leading up here.
You climb upwards.
There is a stone staircase leading down here.
There is an open door here.
A shadow demon comes into view.
You cut the shadow demon into ribbons!!!
The shadow demon convulses!!
You kill the shadow demon!
There is a stone staircase leading up here.
You climb upwards.
There is a stone staircase leading down here.
There is a staircase leading out of the dungeon here.
You have escaped!

#........................#.##.
####...............^........#.#.#
..............................#.#
.#..........................###.#
##...........##............#####÷
.#..........#.............#....).
.#.........#....#.........#.#####
.#........#...##..........#.# ##
##........#.....@........#..####.
.#........#.............#......#.
##.........#..........##....##.#.
.#..........##...)..##..#......#.
P#........1.(.######...........#.
.#.............................#.
##.........&L..................##
.#.....................[.....###
....#........#####.#...#.#####


You could see Gipyloimon, a lich (wandering) and an Executioner (wandering).

Vanquished Creatures
  Cerebov (Pan)
  Antaeus (Coc:7)
  Asmodeus (Geh:7)
  Ereshkigal (Tar:7)
  the Royal Jelly (Slime:5)
  Ignacio (Pan)
  the Serpent of Hell (Tar:7)
  Gloorx Vloq (Pan)
  A seraph (Pan)
  Lom Lobon (Pan)
  29 pandemonium lords
  8 dread liches
  Mnoleg (Pan)
  Khufu (Crypt:1)
  Dispater (Dis:7)
  Mennas (Depths:4)
  9 ancient liches
  4 orbs of fire
  3 juggernauts (Zig:8)
  Josephina (Depths:3)
  47 royal mummies
  Parghit (Depths:3)
  7 shard shrikes (Coc:7)
  57 caustic shrikes
  Frederick (Crypt:1)
  Vv (Depths:3)
  18 Killer Klowns
  3 curse toes
  7 profane servitors
  Geryon (Hell)
  Nikola (Depths:2)
  34 bone dragons
  44 golden dragons
  A mutant beast (WizLab)
  3 pearl dragons
  Jory (Vaults:3)
  9 electric golems
  Arachne (Spider:4)
  11 doom hounds
  18 hellephants
  23 Tzitzimimeh
  31 iron giants
  47 Hell Sentinels
  The ghost of Muvus the Executioner, an adept DsFi of Uskayaw (Vaults:4)
  24 Brimstone Fiends
  A walking crystal tome (Zig:22)
  10 liches
  Zenata (Vaults:4)
  19 Orb Guardians
  Rupert (D:12)
  36 tentacled monstrosities
  17 tainted leviathans
  19 searing wretches
  31 Ice Fiends
  A shard shrike skeleton (Tar:7)
  7 deep elf blademasters
  Murray (Hell)
  Grunn (Depths:3)
  36 titans
  19 deep elf master archers
  31 acid blobs
  49 Executioners
  50 ancient champions
  17 quicksilver dragons
  34 tentacled starspawn
  9 death cobs
  15 sphinxes
  3 thorn hunters
  Roxanne (Swamp:3)
  Donald (Vaults:4)
  26 storm dragons
  13 tengu reavers
  2 shadow dragons (shapeshifter) (Zig:18)
  A fenstrider witch (Zig:27)
  An azure jelly (shapeshifter) (Zig:17)
  7 nagarajas
  13 shadow dragons
  14 draconian monks
  28 azure jellies
  25 demonspawn warmongers
  10 draconian knights
  9 revenants
  40 daevas
  15 nameless horrors
  32 vault wardens
  28 rockslimes
  11 emperor scorpions
  4 caustic shrike zombies
  20 deep elf sorcerers
  14 frost giants
  38 quicksilver elementals
  30 iron dragons
  7 narguns
  23 draconian shifters
  27 fire giants
  25 ghost moths
  7 deep elf elementalists
  8 orc warlords
  8 ghouls
  21 draconian scorchers
  68 balrugs
  33 cacodemons
  7 shard shrike simulacra
  16 draconian stormcallers
  Aizul (Elf:3)
  18 demonspawn corrupters
  23 draconian annihilators
  4 juggernaut zombies
  2 spectral caustic shrikes
  21 ironbound preservers
  64 angels (Pan)
  8 curse skulls
  47 reapers
  17 quicksilver oozes
  25 demonspawn blood saints
  The ghost of Lewman the Severer, a journeyman MiBe of Trog (Spider:1)
  51 very ugly things
  A stone giant (shapeshifter) (Vaults:1)
  38 ophanim (Pan)
  A broodmother (shapeshifter) (Zig:17)
  3 juggernaut skeletons
  3 caustic shrike skeletons
  56 apis (Pan)
  43 stone giants
  14 vampire knights
  60 war gargoyles
  19 eleionomae
  5 ironbound thunderhulks
  2 broodmothers (Zig:19)
  28 elemental wellsprings
  15 deep elf demonologists
  25 green draconians
  24 demonspawn black suns
  8 bunyips
  13 putrid mouths
  16 red draconians
  17 white draconians
  22 deep elf annihilators
  18 yellow draconians
  43 lorocyprocas
  21 spark wasps
  11 purple draconians
  16 black draconians
  12 bennus
  19 dire elephants
  10 wendigos
  12 ettins
  29 blizzard demons
  22 crystal guardians
  18 eidola
  40 green deaths
  43 mummy priests
  36 yaktaur captains
  18 merfolk javelineers
  12 deep elf death magi
  A quicksilver dragon zombie (Crypt:3)
  22 jiangshi
  18 shambling mangroves
  5 merfolk impalers (Zig:24)
  2 spectral quicksilver dragons
  An elf zombie (Crypt:3)
  14 fire dragons
  The ghost of Speno the Nimble, a journeyman OpMo of Ashenzari (Lair:4)
  24 great orbs of eyes
  17 entropy weavers
  5 spriggan zombies
  7 spectral spriggans
  11 deep elf high priests
  4 caustic shrike simulacra
  A quicksilver dragon skeleton (Tar:7)
  10 spriggan air magi
  4 peacekeepers
  10 ghost crabs
  3 rakshasas
  15 salamander tyrants
  17 hell beasts
  5 jorogumos
  4 ogre magi
  21 ice dragons
  35 vault guards
  6 radroaches
  14 merfolk aquamancers
  5 juggernaut simulacra
  12 ironbound frosthearts
  68 hydras
  A spectral shadow dragon (Tar:1)
  3 two-headed ogres
  14 centaur warriors
  4 anacondas
  A fenstrider witch skeleton (Pan)
  A satyr (shapeshifter) (Abyss:2)
  A naga warrior (Zig:10)
  2 death knights
  8 catoblepae
  4 spriggan skeletons
  An alligator (shapeshifter) (Vaults:2)
  16 alligators
  2 alligator snapping turtles (Zig:24)
  20 stokers
  An alligator snapping turtle (shapeshifter) (Zig:18)
  27 boulder beetles
  9 satyrs
  4 tengu warriors
  8 deep troll shamans
  30 thrashing horrors
  5 death yaks
  A spectral dire elephant (Tar:2)
  66 death scarabs
  19 vampire magi
  55 hell hogs
  2 titan zombies (Zig:20)
  The ghost of TobyRickard the Destroyer, a journeyman DrCj of Hepliaklqana (D:11)
  19 deep troll earth magi
  A bennu skeleton (Crypt:1)
  40 dancing weapons
  A spectral naga (Tar:1)
  16 orc high priests
  8 naga sharpshooters
  29 deep elf knights
  78 soul eaters
  14 shock serpents
  A spectral storm dragon (Tar:2)
  A quicksilver ooze zombie (Crypt:2)
  26 crystal echidnas
  114 large abominations
  6 spriggan berserkers
  2 titan skeletons
  2 skysharks
  A skyshark (shapeshifter) (Zig:17)
  7 hell knights
  117 sun demons
  A spectral anaconda (Tar:4)
  38 shadow wraiths
  3 salamander mystics (Zig:13)
  39 wretched stars
  A fire crab (shapeshifter) (Vaults:1)
  18 iron trolls
  13 pharaoh ants
  11 goliath frogs
  47 sixfirhies
  38 cherubim (Pan)
  A goliath frog (shapeshifter) (Zig:17)
  17 spriggan druids
  16 orb spiders
  7 storm dragon zombies
  18 skeletal warriors
  A sun moth (Spider:1)
  2 golden dragon zombies
  A storm dragon skeleton (Zig:26)
  17 shadow demons
  5 quicksilver dragon simulacra
  9 sea snakes (Zig:24)
  38 death drakes
  2 naga ritualists (Zig:10)
  4 spatial maelstroms
  A glowing orange brain (shapeshifter) (Zig:6)
  53 deep trolls
  An orb spider (shapeshifter) (WizLab)
  4 flayed ghosts
  A death drake (shapeshifter) (WizLab)
  A swamp dragon (shapeshifter) (Zig:1)
  16 glowing orange brains
  118 slime creatures
  7 obsidian statues
  8 orange crystal statues
  16 wizards
  19 lindwurms
  19 bog bodies
  12 necromancers
  3 golden dragon skeletons
  63 swamp dragons
  Pikel (D:5)
  9 spriggan simulacra
  22 harpies (Zig:24)
  19 ironbound convokers
  2 anaconda skeletons
  9 steelbarb worms
  23 deep elf archers
  18 phantasmal warriors
  16 orc knights
  6 iron dragon zombies
  48 deep elf pyromancers
  2 harpies (shapeshifter)
  An iron giant skeleton (Abyss:4)
  2 wolf spiders (shapeshifter) (Zig:17)
  A mana viper (Zig:5)
  46 ugly things
  18 cyclopes
  33 deep elf zephyrmancers
  29 wolf spiders
  17 will-o-the-wisps
  A spectral ettin (Tar:4)
  17 fauns
  An oklob plant (Zig:25)
  A sphinx skeleton (Crypt:1)
  11 manticores
  A moth of wrath (shapeshifter) (WizLab)
  14 orc sorcerers
  14 shining eyes
  A frost giant zombie (Depths:3)
  3 spectral centaurs (Tar:1)
  2 salamanders
  10 ice statues
  9 titan simulacra
  2 centaur zombies (Crypt:3)
  A merfolk siren (Zig:24)
  4 guardian serpents
  5 worldbinders
  13 black mambas
  A stone giant skeleton (Pan)
  4 eyes of devastation
  43 moths of wrath
  3 molten gargoyles (Hell)
  5 apocalypse crabs
  11 rust devils
  23 demonic crawlers
  98 smoke demons
  20 vault sentinels
  An eye of devastation (shapeshifter) (Depths:1)
  5 gargoyles (Zig:27)
  27 elephants
  A torpor snail (shapeshifter) (Vaults:3)
  23 torpor snails
  4 naga magi
  A fire giant skeleton (Crypt:1)
  47 orange demons
  14 water nymphs (Zig:24)
  24 cane toads
  3 centaur skeletons
  A dire elephant skeleton (Pan)
  A yaktaur zombie (Vaults:3)
  A death yak zombie (Crypt:1)
  64 yaktaurs
  A rime drake (shapeshifter) (WizLab)
  10 efreet
  43 hellions
  A sea snake zombie (Crypt:3)
  45 tormentors
  A komodo dragon (shapeshifter) (WizLab)
  13 komodo dragons
  12 rime drakes
  19 freezing wraiths
  14 ice devils
  3 tengu conjurers
  5 anaconda simulacra
  4 unseen horrors
  A bunyip simulacrum (Coc:1)
  22 ancient zymes
  A kobold demonologist (D:12)
  A purple draconian skeleton (Crypt:2)
  89 guardian mummies
  6 harpy zombies
  An iron troll skeleton (Crypt:2)
  2 golden dragon simulacra
  11 red devils
  3 silent spectres
  6 bloated husks
  A tengu simulacrum (Vaults:4)
  7 meliai
  3 yaktaur skeletons
  2 queen bees (shapeshifter)
  52 hornets
  15 polar bears
  3 hydra zombies (Swamp:4)
  2 meliai (shapeshifter) (WizLab)
  15 trolls
  2 shadow dragon simulacra (Coc:1)
  20 tyrant leeches
  50 hellwings
  A polar bear (shapeshifter) (WizLab)
  35 merfolk (Zig:24)
  A spectral harpy (Tar:4)
  2 wind drakes (shapeshifter)
  5 wind drakes
  8 dream sheep
  A hornet (shapeshifter) (WizLab)
  7 blink frogs
  A culicivora zombie (Crypt:3)
  7 harpy skeletons
  10 snapping turtles (Zig:24)
  A satyr zombie (Crypt:3)
  2 dream sheep (shapeshifter) (WizLab)
  22 tarantellas
  A tarantella zombie (Crypt:3)
  A raiju (shapeshifter) (WizLab)
  50 raiju
  An iron dragon simulacrum (Coc:4)
  4 stone giant simulacra
  2 ettin zombies (Crypt:3)
  30 culicivoras
  32 jumping spiders
  2 snapping turtles (shapeshifter)
  2 culicivoras (shapeshifter) (WizLab)
  44 flying skulls
  A jumping spider (shapeshifter) (WizLab)
  An ice dragon skeleton (Tomb:3)
  5 shadows
  A wind drake zombie (Crypt:3)
  30 spriggans
  A satyr skeleton (Crypt:2)
  2 spriggans (shapeshifter) (WizLab)
  44 ushabtiu
  2 ettin skeletons
  A black mamba skeleton (Crypt:1)
  16 air elementals
  8 fire elementals
  7 basilisks
  74 ynoxinuls
  18 vampires
  12 wraiths
  4 wyverns
  A yak (shapeshifter) (Vaults:5)
  A slime creature zombie (Crypt:1)
  52 yaks
  9 dire elephant simulacra
  5 steam dragons
  34 chaos spawn
  89 redbacks
  2 alligator snapping turtle simulacra
  19 golden eyes
  3 hogs (shapeshifter)
  13 water elementals
  7 vampire mosquitoes
  51 neqoxecs
  2 redbacks (shapeshifter) (Zig:17)
  65 iron golems
  A yaktaur simulacrum (Vaults:1)
  A basilisk (shapeshifter) (WizLab)
  37 small abominations
  11 wargs
  7 minotaur simulacra
  A warg (shapeshifter) (WizLab)
  18 harpy simulacra
  A fire bat zombie (Crypt:1)
  A cane toad zombie (Crypt:3)
  A faun zombie (Crypt:2)
  14 swamp worms
  13 acid dragons
  4 nagas (Zig:10)
  25 water moccasins
  7 hydra simulacra
  A glowing shapeshifter zombie (Vaults:4)
  9 floating eyes
  A cane toad skeleton (Crypt:3)
  2 naga skeletons (Tar:7)
  2 floating eyes (shapeshifter)
  8 hell hounds
  6 ice beasts
  12 swamp drakes
  76 orc warriors
  5 ettin simulacra
  A sky beast (D:7)
  4 glowing shapeshifter skeletons
  4 black bears
  33 ogres
  5 boggarts
  22 wolves
  4 phantoms
  13 centaurs
  5 kobold brigands
  9 bullfrogs
  3 gnoll sergeants
  2 human zombies
  2 scorpions (D:6)
  6 naga simulacra
  5 necrophages
  5 wights
  16 earth elementals
  4 deep troll simulacra (Spider:4)
  2 glowing shapeshifter simulacra
  A raiju zombie (Crypt:1)
  2 human simulacra (Vaults:4)
  11 killer bees
  2 lindwurm simulacra
  7 electric eels
  5 howler monkeys
  8 crimson imps (Pan)
  A wolf skeleton (Crypt:3)
  3 hounds
  A quasit (Abyss:2)
  2 gnoll boudas
  27 orc priests
  106 starcursed masses
  12 jellies
  9 iron imps
  2 sleepcaps (D:5)
  33 orc wizards
  6 iguanas
  2 hell rats (Zig:14)
  An ice beast zombie (Crypt:2)
  A centaur simulacrum (D:9)
  5 tengu skeletons
  114 mummies
  Robin (D:2)
  7 adders
  28 gnolls
  A shadow imp (D:5)
  10 white imps
  A howler monkey simulacrum (D:9)
  2 ufetubi
  An iguana zombie (Crypt:3)
  2 worms
  A worm (shapeshifter) (Zig:17)
  5 dart slugs
  68 orcs
  11 bats
  10 endoplasms
  3 giant cockroaches
  26 goblins
  20 hobgoblins
  A jackal (D:5)
  11 kobolds
  3 quokkas
  8 ball pythons
  2 frilled lizards (D:1)
  A jackal skeleton (Crypt:3)
  An orc zombie (Crypt:1)
  7 rats
  5 creeping infernos
  55 fire vortices
  A lurking horror (Abyss:4)
  6 starspawn tentacles
7679 creatures vanquished.

Vanquished Creatures (collateral kills)
  2 royal mummies
  Saint Roka (Orc:2)
  A bone dragon (Zig:22)
  An electric golem (Zot:5)
  2 Orb Guardians (Zot:5)
  A titan (Coc:5)
  An acid blob (Slime:5)
  2 Executioners (Zig:24)
  An azure jelly (Slime:5)
  A rockslime (Slime:5)
  2 fire giants (Geh:1)
  A shard shrike simulacrum (Coc:4)
  An orc warlord (Orc:2)
  A balrug (Zig:24)
  2 cacodemons (Pan)
  A ghost moth (Zot:5)
  A demonspawn black sun (Zig:24)
  A red draconian (Zig:14)
  A deep elf death mage (Zig:15)
  A jiangshi (Zig:15)
  A mummy priest (Zig:20)
  A spriggan zombie (Zig:26)
  A salamander tyrant (Geh:1)
  A hydra (Zig:25)
  A vault guard (Vaults:1)
  A spriggan skeleton (Zig:26)
  2 two-headed ogres
  A death scarab (Zig:12)
  An alligator (Zig:7)
  5 hell hogs
  A thrashing horror (Zig:16)
  A soul eater (Crypt:1)
  A spriggan (Zig:23)
  A wretched star (Zig:22)
  A sixfirhy (Pan)
  A spark wasp zombie (Zig:12)
  An orc knight (Zig:8)
  A worldbinder (Zig:10)
  A smoke demon (Zig:10)
  A molten gargoyle (Hell)
  A cane toad (Zig:25)
  An anaconda simulacrum (Coc:7)
  A tormentor (Zig:24)
  2 ancient zymes (Zig:10)
  5 guardian mummies
  A hornet (Zig:23)
  3 large abominations
  3 flying skulls
  A wraith (D:10)
  A ynoxinul (Zig:16)
  4 neqoxecs
  A floating eye (Pan)
  2 orc warriors (Orc:2)
  A wight (D:10)
  An orc wizard (Orc:2)
  7 mummies
  A gnoll (Zig:8)
  4 orcs (Orc:2)
  2 ball lightnings (Pan)
92 creatures vanquished.

Vanquished Creatures (others)
  A dread lich (Zot:5)
  2 orbs of fire (Zot:5)
  3 Killer Klowns
  3 pandemonium lords
  A caustic shrike (Zig:26)
  A golden dragon (Zot:5)
  2 tentacled monstrosities (Zot:5)
  2 iron giants
  7 Orb Guardians (Zot:5)
  A Hell Sentinel (Zig:26)
  2 eldritch tentacles
  A death cob (Zot:5)
  A draconian monk (Zig:13)
  A fenstrider witch (Zig:18)
  2 fire giants
  An azure jelly (shapeshifter) (Zig:18)
  3 draconian knights
  An emperor scorpion (Zot:5)
  2 shard shrike simulacra (Coc:7)
  3 very ugly things (Zig:18)
  2 eleionomae
  A lorocyproca (Pan)
  A wendigo (Coc:7)
  A bunyip (Zig:23)
  A deep elf death mage (Zig:15)
  A green death (Pan)
  A blizzard demon (Pan)
  3 shambling mangroves
  A hydra (Zig:12)
  A rakshasa (Pan)
  A dancing weapon (Zig:21)
  A deep troll shaman (Depths:2)
  A tengu warrior (Depths:2)
  A spriggan berserker (Zig:7)
  2 deep elf knights (Zig:21)
  A goliath frog (Swamp:4)
  A deep troll (Depths:2)
  A spriggan druid (Zig:11)
  3 spriggan simulacra
  5 swamp dragons
  A bog body (Zig:12)
  A deep elf archer (Elf:2)
  An ugly thing (Pan)
  A deep elf zephyrmancer (Elf:1)
  A fire giant zombie (Zig:12)
  An orc sorcerer (Orc:2)
  A water nymph (shapeshifter) (Zig:18)
  2 smoke demons
  A titan simulacrum (Coc:7)
  3 gargoyles
  A kobold demonologist (Bailey)
  A hellion (Pan)
  2 bloated husks
  A hornet (Zig:27)
  A large abomination (Pan)
  2 raiju
  A frost giant simulacrum (Depths:3)
  A slime creature (Zig:23)
  An air elemental (Zig:17)
  A yak (D:7)
  An ettin skeleton (Abyss:4)
  A human (shapeshifter) (Zig:18)
  A neqoxec (Pan)
  A vampire mosquito (Zig:12)
  A hydra simulacrum (Coc:7)
  An earth elemental (Zig:27)
  An orc wizard (D:12)
  3 gnolls (D:6)
  An orc (Orc:2)
  68 ball lightnings
  4 demonic plants (Pan)
  A fire vortex (Geh:1)
  38 foxfires
  31 fungi
  29 plants
  70 starspawn tentacles
347 creatures vanquished.

Grand Total: 8118 creatures vanquished

Notes
Turn   | Place    | Note
-------+----------+-------------------------------------------
     0 | D:1      | Speno the Octopode Monk began the quest for the Orb.
     0 | D:1      | Reached XP level 1. HP: 16/16 MP: 1/1
   131 | D:1      | Reached XP level 2. HP: 19/21 MP: 2/2
   363 | D:1      | Reached XP level 3. HP: 22/26 MP: 3/3
   804 | D:1      | Found a faded altar of an unknown god.
  1034 | D:2      | Noticed Robin
  1039 | D:2      | Reached XP level 4. HP: 31/32 MP: 4/4
  1096 | D:2      | Killed Robin
  1625 | D:2      | Found Wigaij's Antique Armour Shop.
  2134 | D:3      | Reached skill level 1 in Stealth
  2172 | D:3      | Reached XP level 5. HP: 37/37 MP: 5/5
  2643 | D:4      | Reached skill level 1 in Short Blades
  2878 | D:4      | Identified a scroll of acquirement
  3066 | D:4      | Found a burning altar of Makhleb.
  3076 | D:4      | Reached XP level 6. HP: 39/43 MP: 6/6
  3301 | D:5      | Entered Level 5 of the Dungeon
  3336 | D:5      | Noticed Pikel
  3361 | D:5      | Killed Pikel
  3362 | D:5      | Reached skill level 5 in Fighting
  3362 | D:5      | Reached skill level 5 in Dodging
  3362 | D:5      | Reached skill level 5 in Stealth
  3362 | D:5      | Reached XP level 7. HP: 15/50 MP: 7/7
  3589 | D:5      | Found a radiant altar of Vehumet.
  3607 | D:5      | Reached XP level 8. HP: 51/55 MP: 8/8
  3691 | D:5      | Reached skill level 5 in Short Blades
  3844 | D:5      | Found a staircase to the Ecumenical Temple.
  3845 | D:5      | Found a shimmering altar of Xom.
  5281 | Temple   | Entered the Ecumenical Temple
  5381 | Temple   | Became a worshipper of Gozag Ym Sagoz the Greedy
  5432 | D:6      | Reached skill level 1 in Shields
  5642 | D:6      | Reached XP level 9. HP: 43/64 MP: 9/9
  6183 | D:6      | Found Qetror's Jewellery Emporium.
  6191 | D:6      | Bought the ring "Fechumy" {rElec rC+ AC+4} for 627 gold
                  | pieces
  7260 | D:7      | Found a glowing golden altar of the Shining One.
  7423 | D:6      | Bought an amulet of regeneration for 330 gold pieces
  7590 | D:7      | Found a shimmering blue altar of Sif Muna.
  7797 | D:7      | Reached XP level 10. HP: 48/74 MP: 10/10
  8179 | D:8      | Noticed a two-headed ogre
  8184 | D:8      | Killed a two-headed ogre
  8769 | D:8      | Found a hide-covered altar of Uskayaw.
  9244 | D:8      | Found a hazy altar of Hepliaklqana.
  9315 | D:9      | Found a flagged portal.
  9428 | D:9      | Reached skill level 10 in Dodging
  9503 | Bailey   | Entered a bailey
  9571 | Bailey   | Noticed an orc high priest
 10323 | Bailey   | Found an iron altar of Okawaru.
 10324 | Bailey   | Noticed an orc knight
 10400 | Bailey   | Noticed a kobold demonologist
 10416 | Bailey   | Noticed a sixfirhy
 10426 | Bailey   | Reached skill level 10 in Fighting
 10444 | Bailey   | Killed an orc knight
 10455 | Bailey   | Noticed a smoke demon
 10456 | Bailey   | Noticed a soul eater
 10470 | Bailey   | Killed an orc high priest
 10471 | Bailey   | Reached skill level 5 in Shields
 10471 | Bailey   | Reached XP level 11. HP: 70/81 MP: 11/11
 10688 | D:9      | Bought a scroll labelled JIENLIDWOT for 25 gold pieces
 10688 | D:9      | Bought a scroll labelled ERINOX RUTHREM for 25 gold pieces
 10688 | D:9      | Bought a scroll labelled PAARIVV SUGEU for 25 gold pieces
 10688 | D:9      | Bought a golden potion for 22 gold pieces
 10688 | D:9      | Bought a scroll of identify for 50 gold pieces
 10692 | D:9      | Acquired a manual of Fighting
 10693 | D:9      | Acquired the +3 buckler "Lacoplan" {Str+2}
 10720 | D:9      | Found an ancient bone altar of Kikubaaqudgha.
 10893 | D:9      | Found a staircase to the Lair.
 10907 | Lair:1   | Entered Level 1 of the Lair of Beasts
 11447 | Lair:2   | Noticed a bog body
 12176 | Lair:2   | Found a hide-covered altar of Uskayaw.
 12272 | Lair:2   | Found a hole to the Spider Nest.
 12290 | Lair:2   | Reached XP level 12. HP: 58/94 MP: 12/12
 13223 | Lair:2   | Reached skill level 15 in Fighting
 13724 | D:9      | Found Hoida's Antique Weapon Shoppe.
 13738 | D:9      | Bought a shimmering falchion for 240 gold pieces
 13738 | D:9      | Identified the +5 falchion of Haiseis {antimagic, Will+}
                  | (You bought it in a shop on level 9 of the Dungeon)
 13738 | D:9      | Bought a transparent short sword for 240 gold pieces
 13738 | D:9      | Identified the +0 short sword of the Hummingbird {spect,
                  | rPois} (You bought it in a shop on level 9 of the Dungeon)
 14327 | D:10     | Entered Level 10 of the Dungeon
 14374 | D:10     | Found Zyoxodek's Serpentskin Sales.
 14405 | D:10     | Found a sparkling altar of Nemelex Xobeh.
 14405 | D:10     | Found a transporter.
 14892 | D:10     | Noticed a two-headed ogre
 14907 | D:10     | Killed a two-headed ogre
 14963 | D:10     | Found a blossoming altar of Fedhas.
 15139 | D:10     | Found a broken altar of Ashenzari.
 15150 | D:10     | Found a stormy altar of Qazlal.
 15608 | D:10     | Identified the +0 chain mail "Futhinkic" {rN+}
 15681 | D:6      | Bought the ring "Virchac" {rPois rN+++ Int+3 SInv Stlth-}
                  | for 573 gold pieces
 16049 | D:11     | Noticed a two-headed ogre
 16062 | D:11     | Killed a two-headed ogre
 16063 | D:11     | Reached skill level 10 in Stealth
 16132 | D:11     | Found a runed translucent gate.
 16132 | D:11     | Found a runed translucent gate.
 16132 | D:11     | Found a runed translucent gate.
 16134 | D:11     | Noticed a 12-headed hydra
 16140 | D:11     | Noticed TobyRickard's ghost (journeyman DrCj)
 16142 | D:11     | Noticed a 12-headed hydra
 16246 | D:11     | Reached XP level 13. HP: 103/107 MP: 13/13
 17504 | Lair:2   | Found a staircase to the Swamp.
 19068 | Lair:4   | Found a transporter.
 19069 | Lair:4   | Noticed Speno's ghost (journeyman OpMo)
 19462 | Lair:4   | Found a transporter.
 19519 | Lair:5   | Entered Level 5 of the Lair of Beasts
 19522 | Lair:5   | Found a viscous altar of Jiyva.
 19524 | Lair:5   | Found a staircase to the Slime Pits.
 21314 | D:12     | Found Amnim's Jewellery Shop.
 21325 | D:12     | Bought a +6 ring of dexterity for 396 gold pieces
 21325 | D:12     | Bought a +6 ring of dexterity for 396 gold pieces
 21414 | D:12     | Noticed Rupert
 21423 | D:12     | Killed Rupert
 21424 | D:12     | Reached XP level 14. HP: 76/113 MP: 14/14
 21575 | D:12     | Found a runed translucent door.
 21648 | D:12     | Gained mutation: You are covered in fur. (AC +1) [potion of
                  | mutation]
 21648 | D:12     | Gained mutation: Your flesh is cold resistant. (rC+)
                  | [potion of mutation]
 21686 | D:12     | Lost mutation: Your flesh is cold resistant. (rC+) [potion
                  | of mutation]
 21686 | D:12     | Lost mutation: You are covered in fur. (AC +1) [potion of
                  | mutation]
 21686 | D:12     | Gained mutation: You occasionally lose the ability to drink
                  | potions when taking damage. [potion of mutation]
 21686 | D:12     | Gained mutation: You are partially covered in iridescent
                  | scales. (AC +2) [potion of mutation]
 21687 | D:12     | Lost mutation: You are partially covered in iridescent
                  | scales. (AC +2) [potion of mutation]
 21687 | D:12     | Lost mutation: You occasionally lose the ability to drink
                  | potions when taking damage. [potion of mutation]
 21687 | D:12     | Gained mutation: You are agile. (Dex +4, Str/Int -1)
                  | [potion of mutation]
 21687 | D:12     | Gained mutation: You are frail. (-10% HP) [potion of
                  | mutation]
 21688 | D:12     | Lost mutation: You are agile. (Dex +4, Str/Int -1) [potion
                  | of mutation]
 21688 | D:12     | Lost mutation: You are frail. (-10% HP) [potion of
                  | mutation]
 21688 | D:12     | Gained mutation: Your spells are a little easier to cast,
                  | but a little less powerful. [potion of mutation]
 21688 | D:12     | Gained mutation: You are agile. (Dex +4, Str/Int -1)
                  | [potion of mutation]
 21805 | D:12     | Found a staircase to the Orcish Mines.
 22056 | Orc:1    | Entered Level 1 of the Orcish Mines
 22138 | Orc:2    | Entered Level 2 of the Orcish Mines
 22223 | Orc:2    | Found a staircase to the Elven Halls.
 22277 | Orc:2    | Found Giuxzy's Armour Shop.
 22354 | Orc:2    | Found Qusuto's Assorted Antiques.
 22357 | Orc:2    | Bought a potion of heal wounds for 160 gold pieces
 22519 | Orc:2    | Found Ilea's General Store.
 22631 | Orc:2    | Reached skill level 10 in Shields
 22654 | Orc:2    | Gained mutation: You occasionally lose the ability to read
                  | scrolls when taking damage. [a neqoxec]
 22710 | Orc:2    | Lost mutation: You occasionally lose the ability to read
                  | scrolls when taking damage. [potion of mutation]
 22710 | Orc:2    | Lost mutation: You are agile. (Dex +4, Str/Int -1) [potion
                  | of mutation]
 22710 | Orc:2    | Gained mutation: You do not regenerate when monsters are
                  | visible. [potion of mutation]
 23261 | Orc:2    | Reached skill level 5 in Long Blades
 23447 | Orc:2    | Noticed an orc warlord
 23526 | Orc:2    | Killed an orc warlord
 24183 | Orc:2    | Found Qiucuf's Antique Armour Boutique.
 24204 | Orc:2    | Noticed Saint Roka
 25775 | Lair:5   | Reached skill level 15 in Dodging
 26230 | Lair:5   | Reached XP level 15. HP: 112/120 MP: 15/15
 26832 | Orc:2    | Bought the +10 demon blade of the Postmodern Wars {venom,
                  | rElec Stlth+} for 1526 gold pieces
 27082 | Orc:2    | Found Wocorank's General Store.
 27083 | Orc:2    | Found Adungaggy's Jewellery Shoppe.
 27084 | Orc:2    | Found Ennyfepn's Antique Armour Shoppe.
 27084 | Orc:2    | Found Ulagipot's Antique Weapon Emporium.
 27098 | Orc:2    | Bought a potion of heal wounds for 70 gold pieces
 27098 | Orc:2    | Bought a potion of heal wounds for 70 gold pieces
 27157 | Orc:2    | Found Aquceg's Magic Scroll Shoppe.
 27165 | Orc:2    | Bought a scroll of enchant armour for 105 gold pieces
 27165 | Orc:2    | Bought a scroll of identify for 28 gold pieces
 27165 | Orc:2    | Bought a scroll of identify for 28 gold pieces
 27165 | Orc:2    | Bought a scroll of identify for 28 gold pieces
 28389 | Swamp:1  | Entered Level 1 of the Swamp
 29240 | D:9      | Learned a level 3 spell: Mephitic Cloud
 29243 | D:9      | Learned a level 2 spell: Blink
 29246 | D:9      | Learned a level 2 spell: Scorch
 29762 | D:13     | Reached skill level 1 in Spellcasting
 29762 | D:13     | Reached skill level 1 in Conjurations
 31593 | D:14     | Reached skill level 1 in Evocations
 31710 | D:14     | Found a gate to the Vaults.
 31838 | D:15     | Entered Level 15 of the Dungeon
 32187 | D:15     | Reached skill level 10 in Long Blades
 32210 | D:15     | Found a snail-covered altar of Cheibriados.
 32281 | D:15     | Found a staircase to the Depths.
 32561 | D:15     | Reached XP level 16. HP: 124/126 MP: 19/19
 32714 | Depths:1 | Entered Level 1 of the Depths
 32716 | Depths:1 | Found Ufoisa's Distillery.
 32719 | Depths:1 | Found a one-way gate to the infinite horrors of the Abyss.
 32724 | Depths:1 | Bought a potion of heal wounds for 60 gold pieces
 32724 | Depths:1 | Bought a potion of heal wounds for 60 gold pieces
 32724 | Depths:1 | Bought a potion of haste for 120 gold pieces
 32751 | Depths:1 | Found a glowing silver altar of Zin.
 32773 | Depths:1 | Found a gateway to Hell.
 32825 | Depths:1 | Found a magical portal.
 32917 | WizLab   | Entered Cigotuvi's Fleshworks
 33611 | WizLab   | Paralysed by a floating eye for 4 turns
 33620 | WizLab   | Paralysed by a floating eye for 3 turns
 33673 | WizLab   | Paralysed by a floating eye for 3 turns
 33932 | WizLab   | Got the Secrets of Sculpting
 33935 | WizLab   | Got Cigotuvi's Papyrus of Sepulchral Variation
 33963 | WizLab   | Identified the ring "Qimpuiti" {rF+ Will+}
 34192 | WizLab   | Lost mutation: You do not regenerate when monsters are
                  | visible. [potion of mutation]
 34192 | WizLab   | Lost mutation: Your spells are a little easier to cast, but
                  | a little less powerful. [potion of mutation]
 34192 | WizLab   | Gained mutation: You are weak. (Str -2) [potion of
                  | mutation]
 34192 | WizLab   | Gained mutation: You possess an exceptional clarity of
                  | mind. [potion of mutation]
 34296 | WizLab   | Lost mutation: You possess an exceptional clarity of mind.
                  | [potion of mutation]
 34296 | WizLab   | Lost mutation: You are weak. (Str -2) [potion of mutation]
 34296 | WizLab   | Gained mutation: Your system is resistant to poisons.
                  | (rPois) [potion of mutation]
 34296 | WizLab   | Gained mutation: Your flesh is cold resistant. (rC+)
                  | [potion of mutation]
 34296 | WizLab   | Gained mutation: You expend magic power (3 MP) to
                  | strengthen your wands. [potion of mutation]
 34297 | WizLab   | Lost mutation: You expend magic power (3 MP) to strengthen
                  | your wands. [potion of mutation]
 34297 | WizLab   | Lost mutation: Your system is resistant to poisons. (rPois)
                  | [potion of mutation]
 34297 | WizLab   | Lost mutation: Your flesh is cold resistant. (rC+) [potion
                  | of mutation]
 34297 | WizLab   | Gained mutation: You are dopey. (Int -2) [potion of
                  | mutation]
 34297 | WizLab   | Gained mutation: Your body sometimes deteriorates upon
                  | taking damage. [potion of mutation]
 34298 | WizLab   | Lost mutation: Your body sometimes deteriorates upon taking
                  | damage. [potion of mutation]
 34298 | WizLab   | Lost mutation: You are dopey. (Int -2) [potion of mutation]
 34298 | WizLab   | Gained mutation: You are partially covered in iridescent
                  | scales. (AC +2) [potion of mutation]
 34298 | WizLab   | Gained mutation: One of your tentacles bears a spike.
                  | [potion of mutation]
 34299 | WizLab   | Lost mutation: You are partially covered in iridescent
                  | scales. (AC +2) [potion of mutation]
 34299 | WizLab   | Lost mutation: One of your tentacles bears a spike. [potion
                  | of mutation]
 34299 | WizLab   | Gained mutation: You are frail. (-10% HP) [potion of
                  | mutation]
 34299 | WizLab   | Gained mutation: You have hidden genetic potential. [potion
                  | of mutation]
 34299 | WizLab   | Gained mutation: You have very sharp teeth. [potion of
                  | mutation]
 34351 | WizLab   | Noticed Cigotuvi's Monster
 34393 | WizLab   | Killed Cigotuvi's Monster
 35054 | Depths:1 | Noticed a sphinx
 35195 | Depths:1 | Killed a sphinx
 35659 | Orc:2    | Killed Saint Roka
 35660 | Orc:2    | Reached XP level 17. HP: 55/118 MP: 20/20
 35887 | Orc:2    | Bought a +0 long sword of holy wrath for 116 gold pieces
 35920 | Orc:2    | Bought a glowing rapier for 147 gold pieces
 35920 | Orc:2    | Bought a runed long sword for 136 gold pieces
 35939 | Orc:2    | Bought a +6 ring of dexterity for 612 gold pieces
 37276 | Swamp:3  | Reached skill level 15 in Shields
 37653 | Swamp:3  | Noticed Roxanne
 37884 | Swamp:4  | Entered Level 4 of the Swamp
 38586 | Swamp:4  | Got the Anthology of Reanimation Made Easy
 38649 | Swamp:4  | Reached XP level 18. HP: 112/124 MP: 21/21
 38708 | Swamp:4  | Reached skill level 10 in Short Blades
 38903 | Swamp:4  | Got a decaying rune of Zot
 39259 | Swamp:4  | Identified the +0 pair of gloves of Gecop {rC+ Int+6}
 39509 | Elf:1    | Entered Level 1 of the Elven Halls
 39715 | Elf:1    | Gained mutation: You expend magic power (3 MP) to
                  | strengthen your wands. [hidden potential]
 40179 | Elf:1    | Found Noatsich's Magic Scroll Shop.
 40191 | Elf:1    | Bought a scroll of summoning for 142 gold pieces
 40191 | Elf:1    | Bought a scroll of summoning for 142 gold pieces
 40639 | Elf:1    | Got the Book of the Salvo
 41023 | Elf:2    | Found a runed translucent gate.
 41023 | Elf:2    | Found a runed translucent gate.
 41037 | Elf:2    | Found a runed translucent gate.
 41637 | Elf:2    | Reached XP level 19. HP: 107/131 MP: 22/22
 41857 | Elf:3    | Entered Level 3 of the Elven Halls
 42282 | Elf:3    | Found Keovueho's Armour Shoppe.
 42302 | Elf:3    | Found Ilitrir's Book Emporium.
 42307 | Elf:3    | Found Rubitib's Weapon Shoppe.
 42347 | Elf:3    | Noticed Aizul
 42368 | Elf:3    | Killed Aizul
 42607 | Elf:3    | Found Ismux's Weapon Emporium.
 42649 | Elf:3    | Gained mutation: You are resistant to electric shocks.
                  | (rElec) [hidden potential]
 42649 | Elf:3    | Lost mutation: You have hidden genetic potential. [hidden
                  | potential expressed]
 42839 | Elf:3    | Identified the ring of Cioppe {+Blink rPois rC+ Will+
                  | Slay-3}
 42922 | Elf:3    | Identified the +4 short sword of Givett {freeze, +Blink
                  | Str+4}
 43001 | Elf:3    | Identified the +1 quarterstaff of Wulovut {freeze, Fly
                  | Will+++ Str-4 Stlth+}
 43004 | Elf:3    | Identified the amulet of Insomnia {Spirit rF+ Int+2}
 43128 | Elf:3    | Lost mutation: You have very sharp teeth. [potion of
                  | mutation]
 43128 | Elf:3    | Lost mutation: You are frail. (-10% HP) [potion of
                  | mutation]
 43128 | Elf:3    | Gained mutation: Your flesh is heat resistant. (rF+)
                  | [potion of mutation]
 43128 | Elf:3    | Gained mutation: You are covered in fur. (AC +1) [potion of
                  | mutation]
 43129 | Elf:3    | Lost mutation: You expend magic power (3 MP) to strengthen
                  | your wands. [potion of mutation]
 43129 | Elf:3    | Lost mutation: You are resistant to electric shocks.
                  | (rElec) [potion of mutation]
 43129 | Elf:3    | Lost mutation: You are covered in fur. (AC +1) [potion of
                  | mutation]
 43129 | Elf:3    | Gained mutation: Your flesh is cold resistant. (rC+)
                  | [potion of mutation]
 43129 | Elf:3    | Gained mutation: You are dopey. (Int -2) [potion of
                  | mutation]
 43129 | Elf:3    | Gained mutation: You are partially covered in iridescent
                  | scales. (AC +2) [potion of mutation]
 43130 | Elf:3    | Lost mutation: Your flesh is heat resistant. (rF+) [potion
                  | of mutation]
 43130 | Elf:3    | Lost mutation: You are dopey. (Int -2) [potion of mutation]
 43130 | Elf:3    | Lost mutation: You are partially covered in iridescent
                  | scales. (AC +2) [potion of mutation]
 43130 | Elf:3    | Gained mutation: Your mind is acute. (Int +4, Str/Dex -1)
                  | [potion of mutation]
 43130 | Elf:3    | Gained mutation: You are partially covered in large bone
                  | plates. (SH +4) [potion of mutation]
 43130 | Elf:3    | Gained mutation: One of your tentacles bears a spike.
                  | [potion of mutation]
 43131 | Elf:3    | Lost mutation: Your flesh is cold resistant. (rC+) [potion
                  | of mutation]
 43131 | Elf:3    | Lost mutation: You are partially covered in large bone
                  | plates. (SH +4) [potion of mutation]
 43131 | Elf:3    | Lost mutation: Your mind is acute. (Int +4, Str/Dex -1)
                  | [potion of mutation]
 43131 | Elf:3    | Gained mutation: One of your tentacles bears a nasty spike.
                  | [potion of mutation]
 43131 | Elf:3    | Gained mutation: You are partially covered in iridescent
                  | scales. (AC +2) [potion of mutation]
 43132 | Elf:3    | Lost mutation: You are partially covered in iridescent
                  | scales. (AC +2) [potion of mutation]
 43132 | Elf:3    | Lost mutation: One of your tentacles bears a nasty spike.
                  | [potion of mutation]
 43132 | Elf:3    | Lost mutation: One of your tentacles bears a spike. [potion
                  | of mutation]
 43132 | Elf:3    | Gained mutation: You are agile. (Dex +4, Str/Int -1)
                  | [potion of mutation]
 43132 | Elf:3    | Gained mutation: You are somewhat resistant to further
                  | mutation. [potion of mutation]
 43133 | Elf:3    | Lost mutation: You are somewhat resistant to further
                  | mutation. [potion of mutation]
 43133 | Elf:3    | Lost mutation: You are agile. (Dex +4, Str/Int -1) [potion
                  | of mutation]
 43133 | Elf:3    | Gained mutation: You are resistant to electric shocks.
                  | (rElec) [potion of mutation]
 43133 | Elf:3    | Gained mutation: You sometimes lose your temper in combat.
                  | [potion of mutation]
 43133 | Elf:3    | Gained mutation: You are partially covered in iridescent
                  | scales. (AC +2) [potion of mutation]
 43134 | Elf:3    | Lost mutation: You sometimes lose your temper in combat.
                  | [potion of mutation]
 43134 | Elf:3    | Lost mutation: You are partially covered in iridescent
                  | scales. (AC +2) [potion of mutation]
 43134 | Elf:3    | Lost mutation: You are resistant to electric shocks.
                  | (rElec) [potion of mutation]
 43134 | Elf:3    | Gained mutation: Your flesh is cold resistant. (rC+)
                  | [potion of mutation]
 43134 | Elf:3    | Gained mutation: Your mind is acute. (Int +4, Str/Dex -1)
                  | [potion of mutation]
 43135 | Elf:3    | Lost mutation: Your mind is acute. (Int +4, Str/Dex -1)
                  | [potion of mutation]
 43135 | Elf:3    | Lost mutation: Your flesh is cold resistant. (rC+) [potion
                  | of mutation]
 43135 | Elf:3    | Gained mutation: You have a pair of small antennae on your
                  | head. [potion of mutation]
 43135 | Elf:3    | Gained mutation: You are robust. (+10% HP) [potion of
                  | mutation]
 43136 | Elf:3    | Lost mutation: You are robust. (+10% HP) [potion of
                  | mutation]
 43136 | Elf:3    | Lost mutation: You have a pair of small antennae on your
                  | head. [potion of mutation]
 43136 | Elf:3    | Gained mutation: You occasionally lose the ability to read
                  | scrolls when taking damage. [potion of mutation]
 43136 | Elf:3    | Gained mutation: You are frail. (-10% HP) [potion of
                  | mutation]
 43137 | Elf:3    | Lost mutation: You occasionally lose the ability to read
                  | scrolls when taking damage. [potion of mutation]
 43137 | Elf:3    | Lost mutation: You are frail. (-10% HP) [potion of
                  | mutation]
 43137 | Elf:3    | Gained mutation: Your flesh is cold resistant. (rC+)
                  | [potion of mutation]
 43137 | Elf:3    | Gained mutation: You are somewhat resistant to further
                  | mutation. [potion of mutation]
 43138 | Elf:3    | Lost mutation: Your flesh is cold resistant. (rC+) [potion
                  | of mutation]
 43138 | Elf:3    | Lost mutation: You are somewhat resistant to further
                  | mutation. [potion of mutation]
 43138 | Elf:3    | Gained mutation: Your spells are a little easier to cast,
                  | but a little less powerful. [potion of mutation]
 43138 | Elf:3    | Lost mutation: Your spells are a little easier to cast, but
                  | a little less powerful. [potion of mutation]
 43138 | Elf:3    | Gained mutation: One of your tentacles bears a spike.
                  | [potion of mutation]
 43139 | Elf:3    | Lost mutation: One of your tentacles bears a spike. [potion
                  | of mutation]
 43139 | Elf:3    | Gained mutation: You passively map a small area around you.
                  | [potion of mutation]
 43139 | Elf:3    | Gained mutation: You have an increased reservoir of magic.
                  | (+10% MP) [potion of mutation]
 43156 | Elf:3    | Lost mutation: You passively map a small area around you.
                  | [potion of mutation]
 43156 | Elf:3    | Lost mutation: You have an increased reservoir of magic.
                  | (+10% MP) [potion of mutation]
 43156 | Elf:3    | Gained mutation: You occasionally shout uncontrollably at
                  | your foes. [potion of mutation]
 43156 | Elf:3    | Gained mutation: Your muscles are strong. (Str +4, Int/Dex
                  | -1) [potion of mutation]
 43157 | Elf:3    | Lost mutation: You occasionally shout uncontrollably at
                  | your foes. [potion of mutation]
 43157 | Elf:3    | Lost mutation: Your muscles are strong. (Str +4, Int/Dex
                  | -1) [potion of mutation]
 43157 | Elf:3    | Gained mutation: You possess an exceptional clarity of
                  | mind. [potion of mutation]
 43219 | Elf:3    | Reached skill level 15 in Stealth
 43320 | Abyss:2  | Cast into level 2 of the Abyss (a deep elf demonologist)
 43394 | Abyss:2  | Found a corrupted altar of Lugonu.
 43424 | Elf:3    | Escaped the Abyss
 43476 | Elf:3    | Identified the -2 tower shield "Niept" {rN+}
 43520 | Elf:3    | Found the ring of the Octopus King {Fly HP+2 AC+2 EV+2
                  | SH+2}
 43599 | Elf:3    | Got the Grimoire of Solid Cinders
 44969 | Lair:4   | Killed Speno's ghost
 44985 | Lair:4   | Identified the ring "Mechuh" {rPois rF- Int+3 Dex+3}
 45116 | Spider:1 | Entered Level 1 of the Spider Nest
 45669 | Spider:1 | Reached XP level 20. HP: 156/156 MP: 23/23
 45976 | Spider:1 | Found a runed translucent gate.
 45976 | Spider:1 | Found a runed translucent gate.
 45976 | Spider:1 | Found a runed translucent gate.
 45977 | Spider:1 | Noticed Lewman's ghost (journeyman MiBe)
 46038 | Spider:1 | Killed Lewman's ghost
 48498 | D:11     | Killed TobyRickard's ghost
 48524 | D:11     | Bought a runed double sword for 594 gold pieces
 49293 | Spider:4 | Entered Level 4 of the Spider Nest
 49304 | Spider:4 | Found a frozen archway.
 49307 | Spider:4 | Noticed Arachne
 49376 | Spider:4 | Killed Arachne
 49464 | IceCv    | Entered an ice cave
 49509 | IceCv    | Gained mutation: Your magical capacity is low. (-10% MP) [a
                  | neqoxec]
 49596 | IceCv    | Identified the +1 helmet "Dopta" {+Blink rF+}
 50955 | Spider:4 | Reached XP level 21. HP: 162/162 MP: 0/21
 51590 | Spider:4 | Got a gossamer rune of Zot
 51898 | D:6      | Bought a ring of resist corrosion for 220 gold pieces
 52073 | Vaults:1 | Entered Level 1 of the Vaults
 52613 | Vaults:1 | Learned a level 2 spell: Wereblood
 52697 | Vaults:1 | Reached skill level 1 in Transmutations
 53297 | Vaults:1 | Paralysed by a floating eye for 2 turns
 53481 | D:11     | Bought the +7 captain's cutlass {speed, disarm} for 1782
                  | gold pieces
 53481 | D:11     | Found the +7 captain's cutlass {speed, disarm}
 53749 | D:11     | Bought a crystal sling for 214 gold pieces
 53749 | D:11     | Identified the +2 sling of Evisceration {flame, rC+ Str+5}
                  | (You bought it in a shop on level 11 of the Dungeon)
 53749 | D:11     | Bought an encrusted rapier for 297 gold pieces
 53749 | D:11     | Identified the +3 rapier of Kismet {drain, rPois Int+2}
                  | (You bought it in a shop on level 11 of the Dungeon)
 53884 | Vaults:1 | Paralysed by a floating eye for 2 turns
 53963 | Vaults:1 | Identified the +5 great sword "Tormentor" {heavy, rN++
                  | rCorr Int-3}
 54046 | Vaults:1 | an iron giant changed into a shard shrike
 54046 | Vaults:1 | Noticed a shard shrike (glowing shapeshifter)
 54049 | Vaults:1 | a shard shrike changed into a rockslime
 54081 | Vaults:1 | an iron dragon changed into a golden dragon
 54081 | Vaults:1 | Noticed a golden dragon (glowing shapeshifter)
 54088 | Vaults:1 | a golden dragon changed into an iron dragon
 54093 | Vaults:1 | Reached XP level 22. HP: 171/171 MP: 25/25
 54404 | Vaults:2 | Found a runed translucent door.
 56682 | Vaults:2 | Found a staircase to the Crypt.
 57778 | Vaults:3 | Noticed Jory
 57796 | Vaults:3 | Killed Jory
 58528 | Vaults:4 | Found a large runed translucent door.
 58528 | Vaults:4 | Noticed Muvus's ghost (adept DsFi)
 58530 | Vaults:4 | Found a large runed translucent door.
 58530 | Vaults:4 | Noticed Zenata
 58544 | Vaults:4 | Killed Zenata
 58814 | Vaults:4 | Reached XP level 23. HP: 159/176 MP: 26/26
 58957 | Vaults:4 | Reached skill level 5 in Spellcasting
 59219 | D:12     | Learned a level 2 spell: Passwall
 59413 | D:12     | Identified the +0 helmet of the Hills {rElec rPois rN+++
                  | Str-2}
 59419 | D:12     | Identified the staff of cold "Cagguta" {rF- rC+ Str+3
                  | Int+4}
 59473 | D:12     | Bought a scroll of enchant armour for 120 gold pieces
 59473 | D:12     | Bought a scroll of enchant armour for 120 gold pieces
 60197 | Vaults:4 | Noticed Donald
 60204 | Vaults:4 | Killed Donald
 60866 | Slime:1  | Entered Level 1 of the Pits of Slime
 60958 | Slime:1  | Found a viscous altar of Jiyva.
 61244 | Slime:1  | Bought a scroll of blinking for 75 gold pieces
 61244 | Slime:1  | Bought a scroll of teleportation for 30 gold pieces
 61262 | Slime:2  | Learned a level 3 spell: Hailstorm
 61468 | Slime:3  | Reached skill level 1 in Summonings
 61817 | Slime:4  | Reached skill level 5 in Evocations
 62112 | Slime:5  | Entered Level 5 of the Pits of Slime
 62565 | Slime:5  | Found a viscous altar of Jiyva.
 62565 | Slime:5  | Noticed the Royal Jelly
 62794 | Slime:5  | Killed the Royal Jelly
 62833 | Slime:5  | Identified the ring of Puttus {rC+ rN+ Str-3 Dex+6}
 62855 | Slime:5  | Identified the staff of death "Foniony" {Drain +Blink rN+
                  | Will- SInv}
 62883 | Slime:5  | Identified the staff of conjuration "Lax Kitota" {rElec rN+
                  | Str-5 Int+5}
 62916 | Slime:5  | Identified the ring of Ociomnoq {rCorr Str+2 Int+3}
 62962 | Slime:5  | Got a slimy rune of Zot
 62988 | Slime:5  | Gained mutation: You are frail. (-10% HP) [a shining eye]
 63025 | Slime:5  | Lost mutation: Your magical capacity is low. (-10% MP)
                  | [potion of mutation]
 63025 | Slime:5  | Lost mutation: You possess an exceptional clarity of mind.
                  | [potion of mutation]
 63025 | Slime:5  | Gained mutation: One of your tentacles bears a spike.
                  | [potion of mutation]
 63025 | Slime:5  | Gained mutation: You are occasionally teleported next to
                  | monsters. [potion of mutation]
 63025 | Slime:5  | Gained mutation: Your spells are a little harder to cast,
                  | but a little more powerful. [potion of mutation]
 63025 | Slime:5  | Gained mutation: You have hidden genetic potential. [potion
                  | of mutation]
 63026 | Slime:5  | Lost mutation: One of your tentacles bears a spike. [potion
                  | of mutation]
 63026 | Slime:5  | Lost mutation: You are occasionally teleported next to
                  | monsters. [potion of mutation]
 63026 | Slime:5  | Gained mutation: Your body sometimes deteriorates upon
                  | taking damage. [potion of mutation]
 63026 | Slime:5  | Gained mutation: Your muscles are strong. (Str +4, Int/Dex
                  | -1) [potion of mutation]
 63026 | Slime:5  | Gained mutation: You are very frail. (-20% HP) [potion of
                  | mutation]
 63027 | Slime:5  | Lost mutation: Your body sometimes deteriorates upon taking
                  | damage. [potion of mutation]
 63027 | Slime:5  | Lost mutation: You are very frail. (-20% HP) [potion of
                  | mutation]
 63027 | Slime:5  | Lost mutation: You are frail. (-10% HP) [potion of
                  | mutation]
 63027 | Slime:5  | Gained mutation: Your magical capacity is low. (-10% MP)
                  | [potion of mutation]
 63027 | Slime:5  | Gained mutation: Your muscles are very strong. (Str +8,
                  | Int/Dex -2) [potion of mutation]
 63027 | Slime:5  | Gained mutation: You expend magic power (3 MP) to
                  | strengthen your wands. [potion of mutation]
 63314 | Slime:5  | Reached XP level 24. HP: 187/187 MP: 27/27
 63322 | Slime:5  | Gained mutation: You are clumsy. (Dex -2) [a shining eye]
 65265 | Depths:1 | Found a shimmering blue altar of Sif Muna.
 65293 | Depths:1 | Identified the staff of air "Jeeric" {Fly rElec rC+ SInv}
 65818 | Hell     | Entered the Vestibule of Hell
 65824 | Hell     | Noticed Geryon
 65975 | Hell     | Found a gateway to the freezing wastes of Cocytus.
 65982 | Hell     | Killed Geryon
 66048 | Hell     | Found a gateway to the decaying netherworld of Tartarus.
 66163 | Hell     | Noticed Murray
 66423 | D:12     | Bought a scroll of blinking for 120 gold pieces
 66423 | D:12     | Bought a scroll of blinking for 120 gold pieces
 66529 | Orc:2    | Bought a scroll of blinking for 105 gold pieces
 66848 | Depths:2 | Noticed Nikola
 67024 | Depths:2 | Killed Nikola
 67365 | Hell     | Killed Murray
 67525 | Depths:2 | Found a shadowy altar of Dithmenos.
 67697 | Depths:2 | Found a one-way gate leading to the halls of Pandemonium.
 67778 | Depths:2 | Paralysed by a floating eye for 3 turns
 68040 | Depths:2 | You are sucked into a shaft and drop 1 floor!
 68043 | Depths:3 | Noticed a caustic shrike
 68043 | Depths:3 | Noticed a caustic shrike
 68047 | Depths:3 | Noticed a caustic shrike
 68079 | Depths:3 | Killed a caustic shrike
 68090 | Depths:3 | Noticed Vv
 68097 | Depths:4 | Entered Level 4 of the Depths
 68247 | Depths:4 | Noticed Mennas
 68288 | Depths:4 | Killed Mennas
 68329 | Depths:4 | Noticed a caustic shrike
 68329 | Depths:4 | Noticed a caustic shrike
 68330 | Depths:4 | Noticed a caustic shrike
 68337 | Depths:4 | Killed a caustic shrike
 68344 | Depths:4 | Killed a caustic shrike
 68347 | Depths:4 | Killed a caustic shrike
 68360 | Depths:4 | Gained mutation: You passively map a small area around you.
                  | [hidden potential]
 68523 | Depths:4 | Reached XP level 25. HP: 192/192 MP: 27/27
 68934 | Depths:4 | Found a gate to the Realm of Zot.
 69275 | Depths:4 | Found a one-way gateway to a ziggurat.
 69391 | Depths:4 | Learned a level 3 spell: Summon Guardian Golem
 69549 | Depths:3 | Got the Grimoire of Cooperative Position
 69555 | Depths:3 | Learned a level 3 spell: Teleport Other
 69705 | Depths:2 | Bought a slimy wooden ring for 160 gold pieces
 69705 | Depths:2 | Identified the ring "Quedakoes" {rPois rF- rN+ rCorr} (You
                  | bought it in a shop on level 2 of the Depths)
 69705 | Depths:2 | Bought a potion of mutation for 256 gold pieces
 69705 | Depths:2 | Bought a potion of curing for 96 gold pieces
 69705 | Depths:2 | Bought a scroll of blinking for 240 gold pieces
 69742 | Depths:1 | Voluntarily entered the Abyss.
 69742 | Abyss:2  | Found a corrupted altar of Lugonu.
 69952 | Abyss:3  | Reached skill level 27 in Shields
 70027 | Abyss:3  | Noticed a dread lich
 70045 | Abyss:3  | Killed a dread lich
 70047 | Abyss:3  | Lost mutation: Your muscles are very strong. (Str +8,
                  | Int/Dex -2) [a neqoxec]
 70079 | Abyss:3  | Reached skill level 1 in Air Magic
 70140 | Abyss:3  | Got an abyssal rune of Zot
 70404 | Abyss:4  | Found a corrupted altar of Lugonu.
 70426 | Abyss:4  | Found a corrupted altar of Lugonu.
 70538 | Abyss:4  | Paralysed by you for 4 turns
 70748 | Abyss:4  | Reached skill level 5 in Air Magic
 71039 | Abyss:4  | Gained mutation: You sometimes lose your temper in combat.
                  | [a neqoxec]
 71125 | Abyss:4  | Gained mutation: You are strong-willed. (Will+) [hidden
                  | potential]
 71125 | Abyss:4  | Lost mutation: You have hidden genetic potential. [hidden
                  | potential expressed]
 71189 | Abyss:4  | Reached XP level 26. HP: 133/199 MP: 26/27
 71261 | Depths:1 | Escaped the Abyss
 71616 | Crypt:1  | Entered Level 1 of the Crypt
 71620 | Crypt:1  | Noticed Frederick
 71622 | Crypt:1  | Noticed Khufu
 71623 | Crypt:1  | Noticed a royal mummy
 71860 | Depths:3 | Killed Vv
 72046 | Depths:3 | Noticed Parghit
 72176 | Depths:3 | Killed Parghit
 72243 | Depths:3 | Bought a potion of might for 60 gold pieces
 72243 | Depths:3 | Bought a potion of heal wounds for 75 gold pieces
 72243 | Depths:3 | Bought a potion of mutation for 120 gold pieces
 72243 | Depths:3 | Bought a potion of might for 60 gold pieces
 72322 | Depths:3 | Identified the ring "Pioqaasuiwk" {Ice *Corrode rElec Str+3
                  | Slay+2}
 72322 | Depths:3 | Noticed Josephina
 72346 | Depths:3 | Killed Josephina
 72347 | Depths:3 | Reached skill level 10 in Air Magic
 72696 | Depths:3 | Noticed Grunn
 73257 | Depths:3 | Killed Grunn
 73382 | Depths:1 | Lost mutation: You expend magic power (3 MP) to strengthen
                  | your wands. [potion of mutation]
 73382 | Depths:1 | Lost mutation: Your spells are a little harder to cast, but
                  | a little more powerful. [potion of mutation]
 73382 | Depths:1 | Gained mutation: You occasionally lose the ability to drink
                  | potions when taking damage. [potion of mutation]
 73382 | Depths:1 | Gained mutation: You have hidden genetic potential. [potion
                  | of mutation]
 73382 | Depths:1 | Gained mutation: You are highly strong-willed. (Will++)
                  | [potion of mutation]
 73382 | Depths:1 | Gained mutation: One of your tentacles bears a spike.
                  | [potion of mutation]
 73461 | Zot:1    | Entered Level 1 of the Realm of Zot
 75002 | Zot:2    | Reached skill level 15 in Air Magic
 75357 | Zot:2    | Learned a level 5 spell: Freezing Cloud
 75361 | Zot:2    | Learned a level 3 spell: Gell's Gravitas
 75367 | Zot:2    | Learned a level 5 spell: Silence
 76299 | Zot:2    | Reached XP level 27. HP: 205/205 MP: 27/27
 77452 | Swamp:3  | Killed Roxanne
 78006 | Zot:3    | Found a transporter.
 78349 | Zot:3    | Found a transporter.
 78381 | Zot:3    | Identified the ring "New Qeat" {rPois rC- Will- Dex+6
                  | Stlth+}
 78517 | Zot:3    | Identified the +0 pair of boots "Vest" {Will+ Dex+3}
 78523 | Zot:3    | Identified the +4 dagger of Okawaru's Displeasure
                  | {antimagic, rF+ rCorr Int+2}
 78598 | Zot:4    | Noticed an orb of fire
 78607 | Zot:4    | Gained mutation: You are occasionally teleported next to
                  | monsters. [an orb of fire]
 78609 | Zot:4    | Killed an orb of fire
 78686 | Zot:4    | Identified the +3 chain mail of the Great Game {rF+ Int+2}
 78870 | Zot:4    | Gained mutation: You have great hidden genetic potential.
                  | [hidden potential]
 79961 | Zot:5    | Entered Level 5 of the Realm of Zot
 80118 | Zot:5    | Noticed an orb of fire
 80143 | Zot:5    | Killed an orb of fire
 80171 | Zot:5    | Noticed a dread lich
 80173 | Zot:5    | Noticed a dread lich
 80178 | Zot:5    | Noticed an orb of fire
 80198 | Zot:5    | Killed a dread lich
 80440 | Zot:5    | Killed an orb of fire
 80493 | Zot:5    | Noticed an orb of fire
 80517 | Zot:5    | Gained mutation: You are dopey. (Int -2) [an orb of fire]
 80522 | Zot:5    | Killed an orb of fire
 80523 | Zot:5    | Reached skill level 1 in Earth Magic
 80681 | Zot:5    | Killed an orb of fire
 80857 | Zot:5    | Noticed an orb of fire
 80883 | Zot:5    | Gained mutation: Your body sometimes deteriorates upon
                  | taking damage. [an orb of fire]
 80885 | Zot:5    | Killed an orb of fire
 80932 | Zot:5    | Reached skill level 5 in Transmutations
 81130 | Zot:5    | Identified the +3 spear of Ornamental True Grit {elec,
                  | Str+5}
 81725 | D:9      | Bought a phantom mirror for 1000 gold pieces
 82116 | Slime:1  | Bought a scroll of teleportation for 30 gold pieces
 82116 | Slime:1  | Bought a scroll of teleportation for 30 gold pieces
 82676 | Hell     | Found a gateway to the ashen valley of Gehenna.
 83090 | Hell     | Found a gateway to the Iron City of Dis.
 83656 | Depths:1 | Voluntarily entered the Abyss.
 83681 | Abyss:4  | Found a corrupted altar of Lugonu.
 83726 | Abyss:4  | Found a corrupted altar of Lugonu.
 83737 | Abyss:4  | Found a corrupted altar of Lugonu.
 83823 | Abyss:4  | Found a corrupted altar of Lugonu.
 83933 | Abyss:4  | Found a corrupted altar of Lugonu.
 84079 | Abyss:4  | Gained mutation: You are agile. (Dex +4, Str/Int -1)
                  | [hidden potential]
 84079 | Abyss:4  | Lost mutation: You have great hidden genetic potential.
                  | [hidden potential expressed]
 84312 | Abyss:4  | Gained mutation: You do not regenerate when monsters are
                  | visible. [a neqoxec]
 84757 | Abyss:4  | Gained mutation: Your spells are a little easier to cast,
                  | but a little less powerful. [a cacodemon]
 84798 | Abyss:4  | Gained mutation: You are frail. (-10% HP) [a neqoxec]
 84922 | Depths:1 | Escaped the Abyss
 84926 | Depths:1 | Lost mutation: Your muscles are strong. (Str +4, Int/Dex
                  | -1) [potion of mutation]
 84926 | Depths:1 | Lost mutation: You are agile. (Dex +4, Str/Int -1) [potion
                  | of mutation]
 84926 | Depths:1 | Lost mutation: You occasionally lose the ability to drink
                  | potions when taking damage. [potion of mutation]
 84927 | Depths:1 | Lost mutation: Your spells are a little easier to cast, but
                  | a little less powerful. [potion of mutation]
 84927 | Depths:1 | Lost mutation: One of your tentacles bears a spike. [potion
                  | of mutation]
 84927 | Depths:1 | Lost mutation: You are dopey. (Int -2) [potion of mutation]
 84927 | Depths:1 | Gained mutation: You passively dampen the noise of your
                  | surroundings. [potion of mutation]
 84927 | Depths:1 | Lost mutation: You are frail. (-10% HP) [potion of
                  | mutation]
 84928 | Depths:1 | Lost mutation: Your magical capacity is low. (-10% MP)
                  | [potion of mutation]
 84928 | Depths:1 | Lost mutation: You are clumsy. (Dex -2) [potion of
                  | mutation]
 84928 | Depths:1 | Lost mutation: You do not regenerate when monsters are
                  | visible. [potion of mutation]
 84928 | Depths:1 | Gained mutation: Your magical capacity is low. (-10% MP)
                  | [potion of mutation]
 84928 | Depths:1 | Lost mutation: You are occasionally teleported next to
                  | monsters. [potion of mutation]
 84928 | Depths:1 | Gained mutation: You have great hidden genetic potential.
                  | [potion of mutation]
 85088 | Crypt:1  | Killed a royal mummy
 85117 | Crypt:1  | Killed Khufu
 85468 | Crypt:1  | Learned a level 6 spell: Statue Form
 85619 | Crypt:1  | Killed Frederick
 85886 | Crypt:1  | Identified the +1 robe "Urrurphu" {rElec Regen+ Stlth-}
 86847 | Crypt:3  | Entered Level 3 of the Crypt
 87362 | Crypt:3  | Noticed an ancient lich
 87368 | Crypt:3  | Gained mutation: Your body often deteriorates upon taking
                  | damage. [mutagenic glow]
 87378 | Crypt:3  | Gained mutation: Your magical capacity is very low. (-20%
                  | MP) [mutagenic glow]
 87387 | Crypt:3  | Killed an ancient lich
 87389 | Crypt:3  | Gained mutation: Potions are less effective at restoring
                  | your health. [mutagenic glow]
 87394 | Crypt:3  | Lost mutation: You passively dampen the noise of your
                  | surroundings. [mutagenic glow]
 87640 | Crypt:3  | Gained mutation: You passively map the area around you.
                  | [hidden potential]
 87843 | Crypt:3  | Found a basalt altar of Yredelemnul.
 88038 | Crypt:3  | Reached skill level 10 in Spellcasting
 88167 | Crypt:3  | Reached skill level 1 in Fire Magic
 88651 | Crypt:3  | Found a staircase to the Tomb.
 89535 | Depths:2 | Learned a level 6 spell: Plasma Beam
 89538 | Depths:2 | Bought the ring of Viogiuv {Int+2 Dex+4 Slay+4} for 1268
                  | gold pieces
 89570 | Depths:2 | Bought the ring of Hailikliff {rElec rPois rF+ rCorr Int-4}
                  | for 525 gold pieces
 89584 | Pan      | Entered the realm of Mnoleg.
 89584 | Pan      | Entered Pandemonium
 89638 | Pan      | Paralysed by a floating eye for 3 turns
 89644 | Pan      | Gained mutation: You are weak. (Str -2) [a neqoxec]
 89690 | Pan      | Gained mutation: You are dopey. (Int -2) [a cacodemon]
 89707 | Pan      | Gained mutation: You are frail. (-10% HP) [a neqoxec]
 89717 | Pan      | Noticed Mnoleg
 89730 | Pan      | Reached skill level 5 in Earth Magic
 89747 | Pan      | Killed Mnoleg
 89773 | Pan      | Gained mutation: Potions cannot restore your health. [a
                  | cacodemon]
 89792 | Pan      | Gained mutation: You occasionally lose the ability to read
                  | scrolls when taking damage. [a neqoxec]
 89793 | Pan      | Gained mutation: Your magical capacity is extremely low.
                  | (-30% MP) [a neqoxec]
 89796 | Pan      | Paralysed by a floating eye for 3 turns
 89877 | Pan      | Paralysed by a floating eye for 4 turns
 89971 | Pan      | Lost mutation: You have great hidden genetic potential. [a
                  | cacodemon]
 90113 | Pan      | Got a glowing rune of Zot
 90883 | Pan      | Gained mutation: You are very weak. (Str -4) [a cacodemon]
 91158 | Pan      | Gained mutation: You do not regenerate when monsters are
                  | visible. [a cacodemon]
 91217 | Pan      | Lost mutation: You passively map the area around you.
                  | [potion of mutation]
 91217 | Pan      | Lost mutation: You are very weak. (Str -4) [potion of
                  | mutation]
 91217 | Pan      | Lost mutation: You are dopey. (Int -2) [potion of mutation]
 91218 | Pan      | Lost mutation: You occasionally lose the ability to read
                  | scrolls when taking damage. [potion of mutation]
 91218 | Pan      | Lost mutation: You do not regenerate when monsters are
                  | visible. [potion of mutation]
 91218 | Pan      | Lost mutation: Your magical capacity is extremely low.
                  | (-30% MP) [potion of mutation]
 91219 | Pan      | Lost mutation: You sometimes lose your temper in combat.
                  | [potion of mutation]
 91219 | Pan      | Lost mutation: You are highly strong-willed. (Will++)
                  | [potion of mutation]
 91219 | Pan      | Gained mutation: You occasionally shout uncontrollably at
                  | your foes. [potion of mutation]
 91220 | Pan      | Lost mutation: You occasionally shout uncontrollably at
                  | your foes. [potion of mutation]
 91220 | Pan      | Lost mutation: You are weak. (Str -2) [potion of mutation]
 91220 | Pan      | Lost mutation: Your body often deteriorates upon taking
                  | damage. [potion of mutation]
 91220 | Pan      | Lost mutation: Potions cannot restore your health. [potion
                  | of mutation]
 91220 | Pan      | Lost mutation: You are frail. (-10% HP) [potion of
                  | mutation]
 91220 | Pan      | Gained mutation: You possess an exceptional clarity of
                  | mind. [potion of mutation]
 91257 | Pan      | Lost mutation: You possess an exceptional clarity of mind.
                  | [potion of mutation]
 91257 | Pan      | Lost mutation: Your magical capacity is very low. (-20% MP)
                  | [potion of mutation]
 91257 | Pan      | Lost mutation: You passively map a small area around you.
                  | [potion of mutation]
 91257 | Pan      | Gained mutation: You are dopey. (Int -2) [potion of
                  | mutation]
 91257 | Pan      | Gained mutation: You possess an exceptional clarity of
                  | mind. [potion of mutation]
 91376 | Pan      | Noticed Irugikh the pandemonium lord
 91396 | Pan      | Paralysed by accursed screaming for 1 turns
 91491 | Pan      | Killed Irugikh the pandemonium lord
 91822 | Pan      | Gained mutation: You occasionally lose the ability to drink
                  | potions when taking damage. [a cacodemon]
 92686 | Pan      | Noticed Roaposi the pandemonium lord
 92875 | Pan      | Paralysed by a floating eye for 3 turns
 92881 | Pan      | Killed Roaposi the pandemonium lord
 92979 | Pan      | Gained mutation: You are partially covered in iridescent
                  | scales. (AC +2) [hidden potential]
 92979 | Pan      | Lost mutation: You have hidden genetic potential. [hidden
                  | potential expressed]
 93266 | Pan      | Reached skill level 10 in Transmutations
 93712 | Pan      | Noticed Dadel the pandemonium lord
 93729 | Pan      | Killed Dadel the pandemonium lord
 93758 | Pan      | Got a demonic rune of Zot
 94290 | Pan      | Entered the realm of Cerebov.
 94969 | Pan      | Identified the +2 plate armour "Qofiwa" {rElec Will+}
 94998 | Pan      | Identified the staff of death "Tamuo" {rF++ rN+ Str-4
                  | Dex+4}
 95179 | Pan      | Found the +6 sword of Cerebov {flame}
 95179 | Pan      | Noticed Cerebov
 95205 | Pan      | Killed Cerebov
 95255 | Pan      | Got a fiery rune of Zot
 95449 | Pan      | Identified the staff of earth "Vanu" {Will+}
 95455 | Pan      | Identified the +4 quarterstaff "Dragonbane" {heavy, Int+6
                  | Dex-4 SInv}
 95609 | Pan      | Identified the +4 glaive of Rataf {vamp, rElec Str+5}
 95611 | Pan      | Identified the ring "Ruceats" {MP+9 Dex+6}
 95732 | Pan      | Identified the +3 chain mail of Jioronyi {rPois Str-4
                  | Dex+7}
 95732 | Pan      | Identified the amulet "Ecwir" {Regen+ Str+4}
 96344 | Pan      | Noticed Osaits the pandemonium lord
 96362 | Pan      | Killed Osaits the pandemonium lord
 96715 | Pan      | Found a runed translucent door.
 96909 | Pan      | Noticed Fyt Wiy the pandemonium lord
 96912 | Pan      | Killed Fyt Wiy the pandemonium lord
 97709 | Pan      | Gained mutation: You sometimes lose the ability to drink
                  | potions when taking damage. [a cacodemon]
 97781 | Pan      | Found a huge runed translucent gate.
 97816 | Pan      | Found a huge runed translucent gate.
 97817 | Pan      | Found a huge runed translucent gate.
 97817 | Pan      | Found a huge runed translucent gate.
 97817 | Pan      | Found a huge runed translucent gate.
 97817 | Pan      | Found a huge runed translucent gate.
 97818 | Pan      | Found a huge runed translucent gate.
 97847 | Pan      | Noticed Sefaozxa the pandemonium lord
 97920 | Pan      | Killed Sefaozxa the pandemonium lord
 97936 | Pan      | Noticed Zilal the pandemonium lord
 97943 | Pan      | Gained mutation: You are vulnerable to cold. (rC-) [a
                  | cacodemon]
 98238 | Pan      | Killed Zilal the pandemonium lord
 98295 | Pan      | Reached skill level 27 in Dodging
 98322 | Pan      | Entered the realm of Gloorx Vloq.
 98590 | Pan      | Noticed Gloorx Vloq
 98797 | Pan      | Killed Gloorx Vloq
 98939 | Pan      | Got a dark rune of Zot
 99364 | Pan      | Reached skill level 27 in Fighting
100076 | Pan      | Gained mutation: You are occasionally teleported next to
                  | monsters. [a neqoxec]
100078 | Pan      | Noticed Bimaune the pandemonium lord
100090 | Pan      | Killed Bimaune the pandemonium lord
100191 | Pan      | Gained mutation: You occasionally lose the ability to read
                  | scrolls when taking damage. [a neqoxec]
100225 | Pan      | Lost mutation: You are strong-willed. (Will+) [potion of
                  | mutation]
100225 | Pan      | Lost mutation: You possess an exceptional clarity of mind.
                  | [potion of mutation]
100225 | Pan      | Lost mutation: You are partially covered in iridescent
                  | scales. (AC +2) [potion of mutation]
100225 | Pan      | Gained mutation: You are partially covered in iridescent
                  | scales. (AC +2) [potion of mutation]
100225 | Pan      | Gained mutation: You expend magic power (3 MP) to
                  | strengthen your wands. [potion of mutation]
100225 | Pan      | Gained mutation: You are somewhat resistant to further
                  | mutation. [potion of mutation]
100539 | Pan      | Found an exit through the horrors of the Abyss.
100744 | Pan      | Found an exit through the horrors of the Abyss.
101121 | Pan      | Noticed Nycs the pandemonium lord
101140 | Pan      | Killed Nycs the pandemonium lord
101199 | Pan      | Entered the realm of Lom Lobon.
101567 | Pan      | Noticed Lom Lobon
101600 | Pan      | Killed Lom Lobon
101721 | Pan      | Got a magical rune of Zot
102604 | Pan      | Lost mutation: You are partially covered in iridescent
                  | scales. (AC +2) [potion of mutation]
102604 | Pan      | Lost mutation: You expend magic power (3 MP) to strengthen
                  | your wands. [potion of mutation]
103082 | Pan      | Noticed Ignacio
103093 | Pan      | Killed Ignacio
103175 | Pan      | Found an exit through the horrors of the Abyss.
103287 | Pan      | Reached skill level 27 in Stealth
103303 | Pan      | Noticed Tihiw the pandemonium lord
103321 | Pan      | Killed Tihiw the pandemonium lord
103599 | Pan      | Noticed Donaon the pandemonium lord
103615 | Pan      | Killed Donaon the pandemonium lord
103711 | Pan      | Noticed Boorr the pandemonium lord
103736 | Pan      | Killed Boorr the pandemonium lord
103863 | Pan      | Found an exit through the horrors of the Abyss.
104098 | Pan      | Reached skill level 15 in Transmutations
104161 | Pan      | Identified the +1 sling "Paumet" {heavy, rPois rN+ Str+3}
104391 | Pan      | Reached skill level 5 in Summonings
104475 | Pan      | Noticed Zyrgh the pandemonium lord
104493 | Pan      | Killed Zyrgh the pandemonium lord
104498 | Pan      | Reached skill level 10 in Evocations
104636 | Pan      | Reached skill level 1 in Ranged Weapons
105006 | Pan      | Found a runed translucent door.
105084 | Pan      | Lost mutation: You are occasionally teleported next to
                  | monsters. [potion of mutation]
105084 | Pan      | Lost mutation: Your body sometimes deteriorates upon taking
                  | damage. [potion of mutation]
105084 | Pan      | Gained mutation: You are very dopey. (Int -4) [potion of
                  | mutation]
105084 | Pan      | Lost mutation: You sometimes lose the ability to drink
                  | potions when taking damage. [potion of mutation]
105169 | Pan      | Gained mutation: You sometimes lose the ability to drink
                  | potions when taking damage. [a cacodemon]
105342 | Pan      | Noticed Byiloi the pandemonium lord
105350 | Pan      | Killed Byiloi the pandemonium lord
105748 | Pan      | Identified the +6 quarterstaff "Ynoar" {protect, rC+ Str+3
                  | Int+4}
105819 | Pan      | Reached skill level 15 in Spellcasting
105842 | Pan      | Found an exit through the horrors of the Abyss.
106385 | Pan      | Noticed Kuoff the pandemonium lord
106406 | Pan      | Killed Kuoff the pandemonium lord
106854 | Pan      | Noticed Myheus the pandemonium lord
106935 | Pan      | Killed Myheus the pandemonium lord
107998 | Pan      | Noticed a seraph
108122 | Pan      | Identified the +3 glaive of Exhibitionism {heavy, *Slow
                  | +Blink rN+ Dex+3}
108317 | Pan      | Found a white marble altar of Elyvilon.
109097 | Pan      | Identified the +0 tower shield of the Dice {Harm rPois
                  | rF+++ Regen+}
109398 | Pan      | Found a glowing silver altar of Zin.
109584 | Pan      | Identified the +3 mace of Defiance {flame, rF+ Will+}
109886 | Pan      | Identified the amulet of Accord {RegenMP rElec}
109892 | Pan      | Identified the +0 tower shield of Cheibriados's Pride
                  | {Harm}
109904 | Pan      | Killed a seraph
109916 | Pan      | Found a glowing golden altar of the Shining One.
109950 | Pan      | Identified the staff of earth "Xuapad" {Contam rN+ Will+
                  | Int+2}
109960 | Pan      | Identified the +4 mace of Contradiction {vamp, Int+3}
110184 | Pan      | Identified the +10 double sword "Xeaxkuf" {flame, +Blink
                  | rPois rF+}
110184 | Pan      | Identified the amulet "Vowkipsio" {Faith rF+ rC- rCorr
                  | SInv}
113632 | Pan      | Reached skill level 15 in Long Blades
115904 | Pan      | Identified the +0 tower shield of a bazaar {*Corrode Dex+8}
116224 | Depths:2 | Escaped Pandemonium
116375 | Depths:2 | Bought the ring "Feafaim" {Will+ EV+5 Dex+3} for 1043 gold
                  | pieces
116774 | Vaults:4 | Killed Muvus's ghost
116837 | Vaults:5 | Entered Level 5 of the Vaults
117116 | Vaults:5 | Identified the +1 pair of boots "Wajemapn" {rF+}
117224 | Vaults:5 | Identified the amulet "Tiogalix" {Regen+ rCorr Str+3 Int+3
                  | Dex-3}
117245 | Vaults:5 | Identified the ring of Tuliap {*Slow Fly rElec rCorr Dex+5}
117858 | Vaults:5 | Identified the +9 spear of Myups {antimagic, Contam rElec
                  | Str+3 Stlth+}
118082 | Vaults:5 | Got a silver rune of Zot
118759 | Coc:1    | Entered Level 1 of Cocytus
118764 | Coc:1    | Reached skill level 1 in Hexes
120035 | Coc:2    | Reached skill level 5 in Hexes
123148 | Orc:2    | Bought a scroll of summoning for 171 gold pieces
123148 | Orc:2    | Bought a potion of curing for 54 gold pieces
123411 | Depths:4 | Bought a scroll of acquirement for 780 gold pieces
123411 | Depths:4 | Bought 2 scrolls of blinking for 225 gold pieces
123411 | Depths:4 | Bought a scroll of blinking for 112 gold pieces
123411 | Depths:4 | Bought a scroll of fog for 60 gold pieces
123412 | Depths:4 | Acquired the +0 hat of the Baleful Grue {rN++ rCorr Int-2
                  | Slay+6}
123762 | Zig:1    | Entered Level 1 of a ziggurat
123802 | Zig:2    | Entered Level 2 of a ziggurat
123824 | Zig:3    | Entered Level 3 of a ziggurat
123857 | Zig:4    | Entered Level 4 of a ziggurat
123859 | Zig:4    | Noticed an ancient lich
123883 | Zig:4    | Killed an ancient lich
123894 | Zig:4    | Identified the +0 scale mail of the Wilderness {-Tele
                  | Regen+ Dex+2}
123897 | Zig:5    | Entered Level 5 of a ziggurat
123959 | Zig:6    | Entered Level 6 of a ziggurat
123967 | Zig:6    | Noticed Zeergh the pandemonium lord
123998 | Zig:6    | Killed Zeergh the pandemonium lord
124035 | Zig:7    | Entered Level 7 of a ziggurat
124120 | Zig:7    | Reached skill level 5 in Translocations
124128 | Zig:8    | Entered Level 8 of a ziggurat
124133 | Zig:8    | Noticed a juggernaut
124172 | Zig:8    | Killed a juggernaut
124278 | Zig:8    | Identified the +1 robe "Zifet" {rC+ rCorr Str-5}
124291 | Zig:8    | Learned a level 3 spell: Dazzling Flash
124298 | Zig:8    | Learned a level 6 spell: Conjure Ball Lightning
124306 | Zig:8    | Learned a level 6 spell: Summon Cactus Giant
124314 | Zig:8    | Learned a level 7 spell: Monstrous Menagerie
124321 | Zig:9    | Entered Level 9 of a ziggurat
124459 | Zig:9    | Identified the +0 broad axe of Ygawoh {antimagic, Int+6}
124468 | Zig:9    | Lost mutation: Your magical capacity is low. (-10% MP)
                  | [potion of mutation]
124468 | Zig:9    | Lost mutation: Potions are less effective at restoring your
                  | health. [potion of mutation]
124468 | Zig:9    | Lost mutation: You are vulnerable to cold. (rC-) [potion of
                  | mutation]
124468 | Zig:9    | Gained mutation: You sometimes lose your temper in combat.
                  | [potion of mutation]
124468 | Zig:9    | Gained mutation: You are robust. (+10% HP) [potion of
                  | mutation]
124469 | Zig:9    | Lost mutation: You are very dopey. (Int -4) [potion of
                  | mutation]
124469 | Zig:9    | Lost mutation: You occasionally lose the ability to read
                  | scrolls when taking damage. [potion of mutation]
124469 | Zig:9    | Gained mutation: Your spells are a little easier to cast,
                  | but a little less powerful. [potion of mutation]
124469 | Zig:9    | Lost mutation: You are dopey. (Int -2) [potion of mutation]
124469 | Zig:9    | Gained mutation: You are partially covered in large bone
                  | plates. (SH +4) [potion of mutation]
124478 | Zig:9    | Identified the +0 robe "Vunuacou" {Fly Will++ Str-4 SInv}
124496 | Zig:10   | Entered Level 10 of a ziggurat
124502 | Zig:10   | Found the dreamshard necklace {*Dream Drain}
124528 | Zig:10   | Paralysed by accursed screaming for 1 turns
124719 | Zig:10   | Identified the ring of Kohuogg {Fly rPois Dex+3}
124723 | Zig:10   | Identified the +3 sling "Faoc" {drain, Drain rElec rN++
                  | SInv}
124763 | Zig:10   | Got the Disquisition on Scintillating Shaping
124765 | Zig:10   | Identified the +7 shortbow of Ceitheah {heavy, Str+2}
124774 | Zig:10   | Learned a level 5 spell: Arcjolt
124779 | Zig:10   | Learned a level 4 spell: Manifold Assault
124789 | Zig:11   | Entered Level 11 of a ziggurat
124843 | Zig:11   | Reached skill level 10 in Summonings
124987 | Zig:12   | Entered Level 12 of a ziggurat
124994 | Zig:12   | Noticed a royal mummy
124999 | Zig:12   | Noticed a royal mummy
125000 | Zig:12   | Killed a royal mummy
125013 | Zig:12   | Killed a royal mummy
125336 | Zig:12   | Identified the amulet of Ataecs {Acrobat Contam +Inv rElec}
125340 | Zig:12   | Lost mutation: You sometimes lose your temper in combat.
                  | [potion of mutation]
125340 | Zig:12   | Lost mutation: You are robust. (+10% HP) [potion of
                  | mutation]
125382 | Zig:13   | Entered Level 13 of a ziggurat
125562 | Zig:13   | Identified the staff of fire "Ijirch" {rElec rF+ Int+3}
125576 | Zig:13   | Identified the +8 shortbow of Esu Dyco {freeze, Fragile
                  | Int+3}
125607 | Zig:13   | Lost mutation: You are somewhat resistant to further
                  | mutation. [potion of mutation]
125607 | Zig:13   | Lost mutation: Your spells are a little easier to cast, but
                  | a little less powerful. [potion of mutation]
125607 | Zig:13   | Lost mutation: You sometimes lose the ability to drink
                  | potions when taking damage. [potion of mutation]
125607 | Zig:13   | Gained mutation: Your magical capacity is low. (-10% MP)
                  | [potion of mutation]
125610 | Zig:13   | Lost mutation: Your magical capacity is low. (-10% MP)
                  | [potion of mutation]
125610 | Zig:13   | Lost mutation: You are partially covered in large bone
                  | plates. (SH +4) [potion of mutation]
125610 | Zig:13   | Gained mutation: You have a pair of small antennae on your
                  | head. [potion of mutation]
125611 | Zig:13   | Lost mutation: You occasionally lose the ability to drink
                  | potions when taking damage. [potion of mutation]
125611 | Zig:13   | Lost mutation: You have a pair of small antennae on your
                  | head. [potion of mutation]
125611 | Zig:13   | Gained mutation: You expend magic power (3 MP) to
                  | strengthen your wands. [potion of mutation]
125627 | Zig:14   | Entered Level 14 of a ziggurat
125828 | Zig:14   | Found the +5 Lochaber axe {reach-cleave, Poleaxe Drain}
125835 | Zig:14   | Identified the +2 great sword of Havoc {venom, Drain rPois
                  | rN+}
125842 | Zig:14   | Identified the +7 trident "Oplu Ledgh" {flame, rF+}
125846 | Zig:14   | Identified the ring "Detekij" {Fly rC+ MP+9 Str+4}
125852 | Zig:14   | Got the Compendium of Obstruction
125863 | Zig:14   | Identified the +5 dagger of the Two Names {venom, rCorr
                  | Str+2}
125890 | Zig:15   | Entered Level 15 of a ziggurat
126085 | Zig:15   | Noticed an ancient lich
126088 | Zig:15   | Noticed a dread lich
126098 | Zig:15   | Killed an ancient lich
126103 | Zig:15   | Killed a dread lich
126134 | Zig:15   | Reached skill level 5 in Conjurations
126303 | Zig:15   | Identified the ring "Bepp" {Will+ rCorr AC+4 Dex-5 Slay+3}
126311 | Zig:15   | Identified the +0 leather armour "Ybiptir" {Int+3}
126356 | Zig:15   | Lost mutation: You expend magic power (3 MP) to strengthen
                  | your wands. [potion of mutation]
126356 | Zig:15   | Gained mutation: You are weak. (Str -2) [potion of
                  | mutation]
126356 | Zig:15   | Gained mutation: You are partially covered in iridescent
                  | scales. (AC +2) [potion of mutation]
126356 | Zig:15   | Gained mutation: Your mind is acute. (Int +4, Str/Dex -1)
                  | [potion of mutation]
126376 | Zig:16   | Entered Level 16 of a ziggurat
126390 | Zig:16   | Noticed a dread lich
126402 | Zig:16   | Paralysed by a dread lich for 5 turns
126413 | Zig:16   | Killed a dread lich
126422 | Zig:16   | Reached skill level 10 in Conjurations
126436 | Zig:16   | Paralysed by accursed screaming for 1 turns
126446 | Zig:16   | Paralysed by accursed screaming for 2 turns
126454 | Zig:16   | Paralysed by accursed screaming for 1 turns
126769 | Zig:16   | Identified the +3 halberd of Objectivity {freeze, Will+
                  | Str+4}
126793 | Zig:16   | Identified the amulet "Juphuum" {Regen+ Int+6}
126805 | Zig:16   | Identified the amulet of Aducaonif {Faith rN+ Regen+ rCorr}
126839 | Zig:17   | Entered Level 17 of a ziggurat
126858 | Zig:17   | Killed an ancient lich
126861 | Zig:17   | Noticed an ancient lich
126881 | Zig:17   | Killed an ancient lich
127025 | Zig:17   | Found the +4 skin of Zhor {*Englaciate rC+++ SInv}
127054 | Zig:17   | Identified the ring "Eraumij" {rN+ Will+ rCorr Int+3}
127058 | Zig:17   | Identified the ring "Ruxonex" {Wiz Int+2 SInv}
127090 | Zig:17   | Identified the staff of conjuration "Wuneas" {+Blink Will+}
127120 | Zig:18   | Entered Level 18 of a ziggurat
127132 | Zig:18   | Noticed Ulionwu the pandemonium lord
127132 | Zig:18   | Noticed Cyepoudd the pandemonium lord
127186 | Zig:18   | Noticed Kimah the pandemonium lord
127187 | Zig:18   | Noticed Xumor the pandemonium lord
127187 | Zig:18   | Noticed Jauj the pandemonium lord
127187 | Zig:18   | Noticed Ifia the pandemonium lord
127187 | Zig:18   | Noticed Pyvvot the pandemonium lord
127188 | Zig:18   | Noticed Daqucs the pandemonium lord
127208 | Zig:18   | Killed Pyvvot the pandemonium lord
127209 | Zig:18   | Reached skill level 15 in Conjurations
127214 | Zig:18   | Killed Jauj the pandemonium lord
127214 | Zig:18   | Killed Ulionwu the pandemonium lord
127219 | Zig:18   | Killed Cyepoudd the pandemonium lord
127220 | Zig:18   | Killed Ifia the pandemonium lord
127227 | Zig:18   | Killed Kimah the pandemonium lord
127237 | Zig:18   | Killed Xumor the pandemonium lord
127243 | Zig:18   | Killed Daqucs the pandemonium lord
127386 | Zig:18   | Identified the amulet "Woudoebu" {Reflect Int+4 SH+5}
127392 | Zig:18   | Identified the amulet "Otytir" {RegenMP +Blink rPois Int-5
                  | SInv}
127405 | Zig:18   | Identified the +3 pair of boots of Follow the Leader
                  | {Stlth+}
127424 | Zig:19   | Entered Level 19 of a ziggurat
127701 | Zig:19   | Identified the +1 spear "Dinubo" {elec, rF+}
127705 | Zig:19   | Identified the staff of conjuration "Bieco" {Str-2 Dex+3
                  | SInv}
127813 | Zig:19   | Identified the ring of Huuhit {*Slow Will+ Str+3 Dex+4
                  | Stlth+}
127814 | Zig:19   | Reached skill level 10 in Translocations
127837 | Zig:19   | Got the Book of Conjuration
127861 | Zig:19   | Identified the +7 chain mail of Charity {rF+}
127903 | Zig:20   | Entered Level 20 of a ziggurat
127924 | Zig:20   | Noticed a royal mummy
127925 | Zig:20   | Noticed a royal mummy
127928 | Zig:20   | Noticed a royal mummy
127929 | Zig:20   | Noticed a royal mummy
127929 | Zig:20   | Noticed a royal mummy
127932 | Zig:20   | Killed a royal mummy
127938 | Zig:20   | Noticed a royal mummy
127942 | Zig:20   | Killed a royal mummy
127942 | Zig:20   | Noticed a royal mummy
127952 | Zig:20   | Killed a royal mummy
127965 | Zig:20   | Noticed a royal mummy
127971 | Zig:20   | Killed a royal mummy
127998 | Zig:20   | Killed a royal mummy
128005 | Zig:20   | Killed a royal mummy
128014 | Zig:20   | Killed a royal mummy
128093 | Zig:20   | Killed a royal mummy
128456 | Zig:20   | Got the Elucidation of Grey Injury
128461 | Zig:20   | Reached skill level 27 in Spellcasting
128466 | Zig:20   | Identified the +9 shortbow of Inviting Doom {speed, rPois
                  | rC+ Str+2}
128471 | Zig:20   | Identified the staff of cold "Fekk" {rC+ rN++ Str+4}
128604 | Zig:21   | Entered Level 21 of a ziggurat
128616 | Zig:21   | Learned a level 5 spell: Yara's Violent Unravelling
128920 | Zig:21   | Found the ring of the Octopus King
128927 | Zig:21   | Identified the +4 battleaxe of Puoluuho {elec, +Blink rPois
                  | Str+2}
128930 | Zig:21   | Identified a ring of the Octopus King {HP+2 AC+2 EV+2 SH+2
                  | SInv}
128940 | Zig:21   | Identified the staff of fire "Oppaxkicu" {rF+ rC+ Str+3
                  | Dex+3}
128946 | Zig:21   | Identified the +7 war axe of Uskayaw's Anger {flame, Drain
                  | Fly rC+ Int+3}
128948 | Zig:21   | Identified the staff of poison "Dogonuh" {rPois Str+3}
128949 | Zig:21   | Identified the +1 dagger "Ogunucs" {drain, Str+3}
128950 | Zig:21   | Identified the +1 falchion of the Destroying Jester {heavy,
                  | Str+4 Int+2}
128954 | Zig:21   | Identified the staff of cold "Ruxzolin" {rC+ rN+ Will++
                  | Int+3}
128964 | Zig:21   | Identified the +5 short sword of Governance {freeze, rPois}
128968 | Zig:21   | Lost mutation: Your mind is acute. (Int +4, Str/Dex -1)
                  | [potion of mutation]
128968 | Zig:21   | Lost mutation: You are weak. (Str -2) [potion of mutation]
128968 | Zig:21   | Lost mutation: You are partially covered in iridescent
                  | scales. (AC +2) [potion of mutation]
128968 | Zig:21   | Gained mutation: You do not regenerate when monsters are
                  | visible. [potion of mutation]
128968 | Zig:21   | Gained mutation: You are strong-willed. (Will+) [potion of
                  | mutation]
128969 | Zig:21   | Lost mutation: You do not regenerate when monsters are
                  | visible. [potion of mutation]
128969 | Zig:21   | Lost mutation: You are strong-willed. (Will+) [potion of
                  | mutation]
128969 | Zig:21   | Gained mutation: You are frail. (-10% HP) [potion of
                  | mutation]
128970 | Zig:21   | Lost mutation: You are frail. (-10% HP) [potion of
                  | mutation]
128970 | Zig:21   | Gained mutation: You are dopey. (Int -2) [potion of
                  | mutation]
128970 | Zig:21   | Gained mutation: You possess an exceptional clarity of
                  | mind. [potion of mutation]
128980 | Zig:22   | Entered Level 22 of a ziggurat
129462 | Zig:22   | Found the +12 pair of quick blades "Gyre" and "Gimble"
                  | {protect}
129467 | Zig:22   | Identified the amulet "Ziant" {Reflect Str+3 SH+5}
129484 | Zig:22   | Identified the staff of cold "Ixuxeacs" {rElec rF++ rC+
                  | Str-5 SInv}
129488 | Zig:22   | Got Sif Muna's Codex of Twisted Maleficent Arts
129494 | Zig:22   | Identified the ring "Noacitut" {Wiz rN+ SInv}
129503 | Zig:22   | Identified the +1 cloak "Voolludu" {rC+}
129565 | Zig:23   | Entered Level 23 of a ziggurat
129926 | Zig:23   | Identified the staff of cold "Yhulo" {Fly rC+ Str+2 Dex+3}
129934 | Zig:23   | Identified the +7 war axe of Yntietro {heavy, Dex+2 SInv}
129935 | Zig:23   | Identified the +5 dagger of the Hurtling Wasp {heavy,
                  | Dex+3}
129937 | Zig:23   | Identified the ring of Ranim {Int+3 SInv Stlth+}
130009 | Zig:24   | Entered Level 24 of a ziggurat
130032 | Zig:24   | Noticed Iboulant the pandemonium lord
130042 | Zig:24   | Reached skill level 10 in Hexes
130069 | Zig:24   | Killed Iboulant the pandemonium lord
130548 | Zig:24   | Identified the +0 trident "Vafeffud" {venom, rF++ Str+6
                  | Stlth-}
130560 | Zig:24   | Reached skill level 1 in Ice Magic
130572 | Zig:24   | Identified the +1 short sword "Zemaicuory" {drain, rElec
                  | Int+7 Stlth+}
130578 | Zig:24   | Identified the +7 great mace of Devotion {drain, rCorr
                  | SInv}
130583 | Zig:24   | Identified the ring of Solefik {rPois rC+ Dex+2}
130717 | Zig:25   | Entered Level 25 of a ziggurat
130833 | Zig:25   | Reached skill level 5 in Fire Magic
131072 | Zig:25   | Found the +1 cloak of Starlight {*Dazzle EV+4 Stlth--}
131101 | Zig:25   | Identified the +5 trident "Geriec" {flame, *Rage rN+
                  | Dex+10}
131107 | Zig:25   | Identified the +8 short sword of the Meager God {heavy,
                  | +Blink rF+ rC+}
131144 | Zig:25   | Acquired the +0 tower shield "Ovuod" {rF- Str+4 Dex+10}
131203 | Zig:26   | Entered Level 26 of a ziggurat
131312 | Zig:26   | Reached skill level 10 in Earth Magic
131470 | Zig:26   | Identified the ring "Olir" {rPois rF+}
131483 | Zig:26   | Identified the staff of poison "Bikh" {rPois rN+ rCorr
                  | Int-3}
131487 | Zig:26   | Identified the +1 flail of Conformity {drain, rN+ Str-5
                  | Int+6 Dex+2}
131493 | Zig:26   | Identified the staff of earth "Qen Uvac" {rCorr Str+3
                  | Dex+2}
131494 | Zig:26   | Identified the +5 short sword of Nightmares {chaos, rF- rC+
                  | Will+ Str+3}
131503 | Zig:26   | Identified the +5 lajatang of Besaf {freeze, rCorr}
131523 | Zig:26   | Reached skill level 5 in Ice Magic
131574 | Zig:26   | Acquired the Parchment of Windy Command
131585 | Zig:27   | Entered Level 27 of a ziggurat
131589 | Zig:27   | Learned a level 2 spell: Lesser Beckoning
131901 | Zig:27   | Identified the amulet "Geeneg" {Acrobat Harm Dex+3}
131909 | Zig:27   | Identified the amulet "Wahinnakh" {RegenMP -Tele rN+ rCorr}
131932 | Zig:27   | Identified the +7 whip of the Maze {protect, rF++ Will-}
131942 | Zig:27   | Identified the staff of conjuration "Ikeroh" {Will+ Stlth+}
131946 | Zig:27   | Identified the staff of cold "Foxeh" {rC+ Will+ rCorr Int+2
                  | Dex+2}
131979 | Zig:27   | Identified the +1 leather armour of the Accordion {-Cast
                  | Regen+ Slay+2 Stlth+}
131982 | Zig:27   | Identified the +3 chain mail "Guet" {rF+ Will+ Slay+5}
131984 | Zig:27   | Identified the +3 leather armour of Osaxotuf {-Tele rC+ rN+
                  | Regen+}
132300 | Depths:2 | Bought the +0 mask of the Dragon {Will+ Slay+3 SInv} for
                  | 668 gold pieces
132300 | Depths:2 | Found the +0 mask of the Dragon {Will+ Slay+3 SInv}
132301 | Depths:2 | Bought the ring "Uqaorch" {rCorr Dex+4 Slay-4 SInv} for 364
                  | gold pieces
132372 | Depths:2 | Bought the ring "Petrucs" {Contam rF+ rCorr MP+9 Int+3} for
                  | 846 gold pieces
133058 | Depths:2 | Bought the amulet "Jeiz Elei" {Spirit Rampage rC+++ Str-4
                  | SInv} for 881 gold pieces
135032 | Depths:2 | Learned a level 8 spell: Discord
135242 | Pan      | Entered Pandemonium
135457 | Pan      | Noticed Xaoxefa the pandemonium lord
135475 | Pan      | Killed Xaoxefa the pandemonium lord
136257 | Pan      | Found an exit through the horrors of the Abyss.
136266 | Pan      | Noticed Fenisot the pandemonium lord
136274 | Pan      | Took an exit into the Abyss.
136274 | Abyss:4  | Escaped into the Abyss
136277 | Abyss:4  | Noticed an ancient lich
136279 | Abyss:4  | Killed an ancient lich
136340 | Abyss:4  | Reached skill level 1 in Necromancy
136346 | Depths:2 | Escaped the Abyss
136409 | Geh:1    | Entered Level 1 of Gehenna
137473 | Coc:6    | Reached skill level 10 in Fire Magic
137860 | Coc:7    | Entered Level 7 of Cocytus
138122 | Coc:7    | Noticed Antaeus
139131 | Coc:7    | Identified the +5 short sword of a ziggurat {heavy, rF+
                  | Will+ MP+9 Str+2}
139131 | Coc:7    | Identified the amulet of Okhlopp {Acrobat rF+ Str+3 Stlth-}
139154 | Coc:7    | Killed Antaeus
139155 | Coc:7    | Reached skill level 15 in Translocations
139444 | Coc:7    | Got an icy rune of Zot
139487 | Coc:7    | Identified the amulet of Faufazub {rElec Regen+}
140438 | Depths:2 | Learned a level 8 spell: Ignition
140642 | Crypt:1  | Learned a level 9 spell: Chain Lightning
140651 | Crypt:1  | Learned a level 8 spell: Summon Horrible Things
140922 | D:6      | Bought the ring "Jutull" {rF+ rC+ Will+ Int+3 Slay-6} for
                  | 282 gold pieces
141166 | Slime:5  | Learned a level 5 spell: Lee's Rapid Deconstruction
141529 | Hell     | Lost mutation: You are dopey. (Int -2) [potion of mutation]
141529 | Hell     | Lost mutation: You possess an exceptional clarity of mind.
                  | [potion of mutation]
141529 | Hell     | Gained mutation: You possess an exceptional clarity of
                  | mind. [potion of mutation]
141529 | Hell     | Gained mutation: You are weak. (Str -2) [potion of
                  | mutation]
141529 | Hell     | Lost mutation: You are weak. (Str -2) [potion of mutation]
141529 | Hell     | Gained mutation: You have a pair of small antennae on your
                  | head. [potion of mutation]
142165 | Geh:2    | Reached skill level 15 in Earth Magic
142518 | Geh:2    | You are sucked into a shaft and drop 1 floor!
142703 | Geh:3    | Noticed a dread lich
142710 | Geh:3    | Killed a dread lich
143839 | Geh:5    | Noticed a dread lich
143842 | Geh:5    | Killed a dread lich
144145 | Geh:6    | Noticed a dread lich
144147 | Geh:6    | Killed a dread lich
144367 | Geh:6    | Found a burning altar of Makhleb.
144878 | Geh:7    | Entered Level 7 of Gehenna
145053 | Geh:7    | Bought the amulet "Relica Qawep" {RegenMP Contam Regen+
                  | Int+3} for 565 gold pieces
145568 | Geh:7    | Identified the ring of Gowuonox {rN+ EV+5}
145852 | Geh:7    | Got the Spellbook of Variable Malediction
147188 | Geh:7    | Found the +13 sceptre of Asmodeus
147188 | Geh:7    | Noticed Asmodeus
147212 | Geh:7    | Killed Asmodeus
147480 | Geh:7    | Got an obsidian rune of Zot
147796 | Hell     | Learned a level 9 spell: Shatter
147816 | Dis:1    | Entered Level 1 of the Iron City of Dis
148399 | Depths:2 | Bought the ring of Vuammif {rElec rF+++ EV+5 Dex-4} for
                  | 1455 gold pieces
148606 | Geh:7    | Bought the ring of Teownuit {rC- Int+6 Dex+3 SInv} for 697
                  | gold pieces
149450 | Dis:3    | Gained mutation: You occasionally shout uncontrollably at
                  | your foes. [mutagenic glow]
149460 | Dis:3    | Gained mutation: You are dopey. (Int -2) [mutagenic glow]
149742 | Dis:4    | Noticed an ancient lich
149745 | Dis:4    | Killed an ancient lich
149925 | Dis:5    | Gained mutation: Your magical capacity is low. (-10% MP)
                  | [mutagenic glow]
149948 | Dis:5    | Gained mutation: Your spells are a little easier to cast,
                  | but a little less powerful. [mutagenic glow]
150327 | Dis:6    | Noticed an ancient lich
150330 | Dis:6    | Killed an ancient lich
150489 | Dis:6    | Found a burning altar of Makhleb.
150839 | Dis:7    | Entered Level 7 of the Iron City of Dis
150988 | Dis:7    | Lost mutation: Your spells are a little easier to cast, but
                  | a little less powerful. [potion of mutation]
150988 | Dis:7    | Lost mutation: You are dopey. (Int -2) [potion of mutation]
150988 | Dis:7    | Lost mutation: You occasionally shout uncontrollably at
                  | your foes. [potion of mutation]
150988 | Dis:7    | Gained mutation: One of your tentacles bears a spike.
                  | [potion of mutation]
150988 | Dis:7    | Gained mutation: You are robust. (+10% HP) [potion of
                  | mutation]
150988 | Dis:7    | Gained mutation: Your muscles are strong. (Str +4, Int/Dex
                  | -1) [potion of mutation]
151479 | Dis:7    | Identified the staff of conjuration "Osymutaa" {rC++ rN+
                  | MP-9 Dex+2}
151840 | Dis:7    | Noticed Dispater
151890 | Dis:7    | Killed Dispater
152099 | Dis:7    | Identified the +8 falchion of Defenestration {venom, rF++
                  | rN+ Will+ Str-2}
152114 | Dis:7    | Got an iron rune of Zot
152117 | Dis:7    | Identified the staff of cold "Guulleu" {rPois rF+ rC+ Str+3
                  | Dex-3}
152682 | Dis:7    | Identified the amulet "Matzir" {Reflect rF+ rC+ SH+5}
152919 | Tar:1    | Entered Level 1 of Tartarus
153797 | Tar:4    | You are sucked into a shaft and drop 1 floor!
154917 | Tar:7    | Entered Level 7 of Tartarus
154999 | Tar:7    | Reached skill level 27 in Air Magic
155047 | Tar:7    | Noticed Ereshkigal
155084 | Tar:7    | Killed Ereshkigal
155144 | Tar:7    | Noticed the Serpent of Hell
155154 | Tar:7    | Killed the Serpent of Hell
155420 | Tar:7    | Got a bone rune of Zot
156238 | Tar:7    | Identified the amulet of Immorality {Spirit *Corrode rN++
                  | Str+4 Slay+2}
156243 | Tar:7    | Identified the staff of conjuration "Ungiwyv" {rC+}
156281 | Tar:7    | Identified the +7 trident of the Vendetta {venom, rN+}
156572 | Tar:7    | Lost mutation: You are robust. (+10% HP) [mutagenic glow]
156769 | Tar:7    | Identified the +4 glaive of the Median {heavy, Str-3 Int+5
                  | Dex-3 SInv}
156773 | Tar:7    | Identified the ring of Conformity {+Blink rF+ rCorr MP+9
                  | Str-4 Dex+4}
156991 | Tar:7    | Noticed a dread lich
156993 | Tar:7    | Noticed a dread lich
156993 | Tar:7    | Noticed an ancient lich
156999 | Tar:7    | Killed a dread lich
157006 | Tar:7    | Killed an ancient lich
157015 | Tar:7    | Killed a dread lich
157072 | Tar:7    | Identified the +8 mace of the Chewing Augurer {flame, rCorr
                  | Str+3}
157074 | Tar:7    | Identified the +8 war axe of Debt {flame, Dex+3 Stlth+}
157499 | Zig:1    | Entered Level 1 of a ziggurat
157523 | Zig:2    | Entered Level 2 of a ziggurat
157543 | Zig:2    | Got Sif Muna's Textbook on Combat Magic and Points
157552 | Zig:3    | Entered Level 3 of a ziggurat
157615 | Zig:4    | Entered Level 4 of a ziggurat
157682 | Zig:5    | Entered Level 5 of a ziggurat
157806 | Zig:6    | Entered Level 6 of a ziggurat
157813 | Zig:6    | Noticed Wefeb the pandemonium lord
157815 | Zig:6    | Noticed Teph the pandemonium lord
157821 | Zig:6    | Killed Wefeb the pandemonium lord
157830 | Zig:6    | Reached skill level 15 in Fire Magic
157838 | Zig:6    | Killed Teph the pandemonium lord
157910 | Zig:6    | Identified the staff of earth "Ykytt" {rC- Dex+5 Stlth+}
157914 | Zig:6    | Identified the +7 sling of the Beginning {freeze, rN+}
157958 | Zig:7    | Entered Level 7 of a ziggurat
158066 | Zig:8    | Entered Level 8 of a ziggurat
158074 | Zig:8    | Noticed a juggernaut
158076 | Zig:8    | Noticed a juggernaut
158081 | Zig:8    | Killed a juggernaut
158086 | Zig:8    | Killed a juggernaut
158122 | Zig:8    | Identified the +6 dagger of Equivalence {freeze, rElec
                  | Will+}
158188 | Zig:9    | Entered Level 9 of a ziggurat
158193 | Zig:9    | Noticed Joolar the pandemonium lord
158203 | Zig:9    | Killed Joolar the pandemonium lord
158284 | Zig:9    | Identified the staff of poison "Lusent" {+Blink rPois rF-
                  | rC+}
158287 | Zig:9    | Identified the amulet "Foocead" {rPois Regen+}
158291 | Zig:9    | Identified the amulet of Jaegiggo {Reflect Str+4 SH+5}
158327 | Zig:10   | Entered Level 10 of a ziggurat
158458 | Zig:10   | Identified the ring of Mutualism {Fire *Slow rElec Will-
                  | Str+2 Int+6}
158466 | Zig:10   | Identified the +2 robe of the Worm {rElec Stlth+}
158497 | Zig:11   | Entered Level 11 of a ziggurat
158575 | Zig:11   | Identified the +3 arbalest of the Rescuing Wasp {elec,
                  | Will+ Int+5 Dex+4}
158576 | Zig:11   | Identified the +7 great sword of Nyidocs {distort, rElec}
158583 | Zig:11   | Identified the ring "Omiwn" {Wiz rPois Str+3 Int+3}
158590 | Zig:11   | Identified the +7 shortbow of Context {freeze, Dex+5}
158592 | Zig:11   | Identified the staff of air "Yduvom" {+Blink rElec rF++
                  | Str-4 SInv}
158691 | Zig:12   | Entered Level 12 of a ziggurat
158768 | Zig:12   | Identified the +7 chain mail of the Sacrificial Victim
                  | {Will++ Dex+2}
158784 | Zig:12   | Identified the ring of Houlem {rElec Will+ SInv}
158823 | Zig:13   | Entered Level 13 of a ziggurat
158861 | Zig:13   | Identified the ring "Nodod" {rPois Dex+3 Stlth+}
158902 | Zig:13   | Identified the staff of cold "Meushu" {rC+ MP+9 Int+4 Dex+3
                  | Stlth+}
158916 | Zig:13   | Learned a level 7 spell: Ozocubu's Refrigeration
158937 | Zig:13   | Identified the +0 pair of gloves of Intercession {rF+ Int-2
                  | Slay+3}
158981 | Zig:13   | Identified the +6 flail of Ittuo {freeze, rPois rC- Dex+4}
158989 | Zig:13   | Reached skill level 15 in Evocations
159014 | Zig:14   | Entered Level 14 of a ziggurat
159217 | Zig:14   | Identified the +7 scimitar of the Ancients {drain, rPois
                  | Int-3 SInv}
159218 | Zig:14   | Identified the +4 longbow of Raaplar {freeze, Int+2}
159219 | Zig:14   | Identified the +2 morningstar of the Jester {heavy, rN+
                  | Dex+4}
159262 | Zig:15   | Entered Level 15 of a ziggurat
159533 | Zig:15   | Identified the ring of Ashenzari's Pride {Fly MP-9 Dex+5
                  | Slay+2}
159550 | Zig:15   | Identified the +5 whip "Killer Klown's Doom" {heavy,
                  | Stlth+}
159554 | Zig:15   | Identified the staff of earth "Geskunaf" {rF+ Int+2}
159555 | Zig:15   | Identified the +7 dire flail "Nouthat" {heavy, rPois rF-
                  | Dex+2}
159558 | Zig:15   | Identified the +8 great mace "Baipsef" {elec, rF++ Str+2}
159562 | Zig:15   | Got Sif Muna's Discursus on the Excursion
159702 | Zig:16   | Entered Level 16 of a ziggurat
159742 | Abyss:4  | Cast into level 4 of the Abyss (black draconian knight)
159841 | Zig:16   | Escaped the Abyss
160124 | Zig:16   | Identified the +6 kite shield of the Worm {MP+9 Int-3
                  | Dex+2}
160143 | Zig:16   | Identified the +5 sling of the Nexus {antimagic, rElec
                  | rPois}
160146 | Zig:16   | Identified the +9 lajatang of Hiaryull {distort, Int+2
                  | SInv}
160149 | Zig:16   | Identified the ring "Uguhevou" {Ice rElec rN+ Will-}
160215 | Zig:17   | Entered Level 17 of a ziggurat
160251 | Zig:17   | Reached skill level 10 in Ice Magic
160419 | Zig:17   | Identified the staff of air "Oweiclasaic" {+Blink rElec rF+
                  | MP-9 Str+4}
160421 | Zig:17   | Identified the +3 longbow "Japlad" {flame, *Corrode rN++
                  | Dex+6}
160539 | Zig:18   | Entered Level 18 of a ziggurat
160796 | Zig:18   | Identified the +5 sling of Nonella {elec, Contam rElec
                  | rPois rC+}
160804 | Zig:18   | Identified the staff of poison "Fustyul" {rPois rF++ Will+}
160920 | Zig:19   | Entered Level 19 of a ziggurat
160943 | Zig:19   | Found the +3 pair of seven-league boots {Rampage+∞}
161064 | Zig:19   | Identified the +3 chain mail of the Undertaker {rElec rF-
                  | Int-4 Dex+5}
161116 | Zig:19   | Identified the +2 scale mail of the Snake Pit {rElec}
161209 | Zig:20   | Entered Level 20 of a ziggurat
161470 | Zig:20   | Found the +1 robe of Vines {NoPotionHeal Regen++++}
161470 | Zig:20   | Found the +9 sword of Zonguldrok {reap}
161473 | Zig:20   | Identified the ring "Wan Etaa" {Fire Drain rN+ Str+4 SInv}
161489 | Zig:20   | Identified the +8 triple crossbow "Vigoef" {heavy, rPois
                  | rF+ Will+ rCorr}
161490 | Zig:20   | Identified the +8 spear "Jetoennu" {pain, rPois Will+ MP+9
                  | SInv}
161494 | Zig:20   | Acquired a book of Ice
161504 | Zig:20   | Identified the staff of fire "Quanuell" {rF+ rN+ Int+5}
161615 | Zig:20   | Identified the +0 cloak of Kaskeyja {rF++ rN+ Dex-5 SInv}
161628 | Zig:21   | Entered Level 21 of a ziggurat
161971 | Zig:21   | Identified the ring "Mesebal" {Ice Dex+4}
162003 | Zig:21   | Acquired the ring "Rathred" {rF+ rC+ Str-3 Int+4}
162124 | Zig:21   | Identified the +2 pair of gloves of Hide-and-Seek {Harm rC-
                  | Will+}
162130 | Zig:22   | Entered Level 22 of a ziggurat
162173 | Zig:22   | Lost mutation: You possess an exceptional clarity of mind.
                  | [a neqoxec]
162285 | Zig:22   | Lost mutation: You have a pair of small antennae on your
                  | head. [potion of mutation]
162285 | Zig:22   | Lost mutation: Your magical capacity is low. (-10% MP)
                  | [potion of mutation]
162285 | Zig:22   | Gained mutation: Your spells are a little harder to cast,
                  | but a little more powerful. [potion of mutation]
162285 | Zig:22   | Gained mutation: You are somewhat resistant to further
                  | mutation. [potion of mutation]
162285 | Zig:22   | Lost mutation: Your muscles are strong. (Str +4, Int/Dex
                  | -1) [potion of mutation]
162286 | Zig:22   | Lost mutation: One of your tentacles bears a spike. [potion
                  | of mutation]
162286 | Zig:22   | Lost mutation: You are somewhat resistant to further
                  | mutation. [potion of mutation]
162286 | Zig:22   | Gained mutation: You are frail. (-10% HP) [potion of
                  | mutation]
162286 | Zig:22   | Gained mutation: One of your tentacles bears a spike.
                  | [potion of mutation]
162286 | Zig:22   | Gained mutation: Your spells are harder to cast, but more
                  | powerful. [potion of mutation]
162287 | Zig:22   | Lost mutation: Your spells are harder to cast, but more
                  | powerful. [potion of mutation]
162287 | Zig:22   | Lost mutation: One of your tentacles bears a spike. [potion
                  | of mutation]
162287 | Zig:22   | Gained mutation: You are agile. (Dex +4, Str/Int -1)
                  | [potion of mutation]
162288 | Zig:22   | Lost mutation: Your spells are a little harder to cast, but
                  | a little more powerful. [potion of mutation]
162288 | Zig:22   | Lost mutation: You are agile. (Dex +4, Str/Int -1) [potion
                  | of mutation]
162288 | Zig:22   | Gained mutation: You are vulnerable to cold. (rC-) [potion
                  | of mutation]
162288 | Zig:22   | Lost mutation: You are vulnerable to cold. (rC-) [potion of
                  | mutation]
162288 | Zig:22   | Gained mutation: One of your tentacles bears a spike.
                  | [potion of mutation]
162289 | Zig:22   | Lost mutation: You are frail. (-10% HP) [potion of
                  | mutation]
162289 | Zig:22   | Lost mutation: One of your tentacles bears a spike. [potion
                  | of mutation]
162289 | Zig:22   | Gained mutation: You are dopey. (Int -2) [potion of
                  | mutation]
162289 | Zig:22   | Gained mutation: You are covered in fur. (AC +1) [potion of
                  | mutation]
162289 | Zig:22   | Gained mutation: Your flesh is cold resistant. (rC+)
                  | [potion of mutation]
162290 | Zig:22   | Lost mutation: Your flesh is cold resistant. (rC+) [potion
                  | of mutation]
162290 | Zig:22   | Lost mutation: You are dopey. (Int -2) [potion of mutation]
162290 | Zig:22   | Gained mutation: Your body sometimes deteriorates upon
                  | taking damage. [potion of mutation]
162290 | Zig:22   | Gained mutation: One of your tentacles bears a spike.
                  | [potion of mutation]
162291 | Zig:22   | Lost mutation: You are covered in fur. (AC +1) [potion of
                  | mutation]
162291 | Zig:22   | Lost mutation: Your body sometimes deteriorates upon taking
                  | damage. [potion of mutation]
162291 | Zig:22   | Lost mutation: One of your tentacles bears a spike. [potion
                  | of mutation]
162291 | Zig:22   | Gained mutation: A frigid envelope surrounds you and
                  | freezes all who hurt you. [potion of mutation]
162291 | Zig:22   | Gained mutation: You are dopey. (Int -2) [potion of
                  | mutation]
162291 | Zig:22   | Gained mutation: You occasionally shout uncontrollably at
                  | your foes. [potion of mutation]
162292 | Zig:22   | Lost mutation: A frigid envelope surrounds you and freezes
                  | all who hurt you. [potion of mutation]
162292 | Zig:22   | Lost mutation: You occasionally shout uncontrollably at
                  | your foes. [potion of mutation]
162292 | Zig:22   | Gained mutation: You are agile. (Dex +4, Str/Int -1)
                  | [potion of mutation]
162292 | Zig:22   | Gained mutation: Your spells are a little harder to cast,
                  | but a little more powerful. [potion of mutation]
162292 | Zig:22   | Gained mutation: Your flesh is heat resistant. (rF+)
                  | [potion of mutation]
162292 | Zig:22   | Gained mutation: You have a pair of small antennae on your
                  | head. [potion of mutation]
162419 | Zig:22   | Identified the ring of Itait {*Corrode Fly rPois rC++
                  | Str+3}
162570 | Zig:22   | Identified the staff of cold "Gost" {rC+ Dex+3}
162676 | Zig:23   | Entered Level 23 of a ziggurat
162756 | Zig:23   | Lost mutation: Your spells are a little harder to cast, but
                  | a little more powerful. [a shining eye]
162765 | Zig:23   | Gained mutation: Your spells are a little easier to cast,
                  | but a little less powerful. [a shining eye]
162937 | Zig:23   | Found the +2 cloak of the Thief {*Fog Slay-2 SInv Stlth+}
162945 | Zig:23   | Identified the staff of air "Wusupizy" {rElec rF++ MP-9
                  | Dex+5}
162947 | Zig:23   | Identified the staff of earth "Voghu" {rF- Str+6}
162949 | Zig:23   | Identified the +1 long sword of the Nurturing Gods {elec,
                  | rF+ Dex+3 Stlth+}
162951 | Zig:23   | Identified the +3 hand axe "Vesa" {flame, rCorr MP+9 Str+5
                  | Int-4}
162958 | Zig:23   | Identified the +0 plate armour of Cohuheg {Will+}
162963 | Zig:23   | Identified the ring of Raiskac {Ice Str+5 Int-4}
163177 | Zig:24   | Entered Level 24 of a ziggurat
163578 | Zig:24   | Identified the staff of earth "Ososacau" {rPois Will+ rCorr
                  | Int+3}
163599 | Zig:24   | Acquired a Young Poisoner's Handbook
163605 | Zig:24   | Identified the ring of Roesch Sipyj {+Blink Fly Str+3
                  | Slay+3}
163613 | Zig:24   | Identified the ring "Cyvak" {rN+ Int+4}
163640 | Zig:24   | Identified the +0 leather armour of Tustric {Rampage}
163723 | Zig:24   | Lost mutation: You are agile. (Dex +4, Str/Int -1) [potion
                  | of mutation]
163723 | Zig:24   | Lost mutation: You have a pair of small antennae on your
                  | head. [potion of mutation]
163723 | Zig:24   | Gained mutation: You are clumsy. (Dex -2) [potion of
                  | mutation]
163724 | Zig:24   | Lost mutation: You are clumsy. (Dex -2) [potion of
                  | mutation]
163724 | Zig:24   | Lost mutation: Your spells are a little easier to cast, but
                  | a little less powerful. [potion of mutation]
163724 | Zig:24   | Gained mutation: You are clumsy. (Dex -2) [potion of
                  | mutation]
163725 | Zig:24   | Lost mutation: You are dopey. (Int -2) [potion of mutation]
163725 | Zig:24   | Lost mutation: You are clumsy. (Dex -2) [potion of
                  | mutation]
163725 | Zig:24   | Lost mutation: Your flesh is heat resistant. (rF+) [potion
                  | of mutation]
163725 | Zig:24   | Gained mutation: You are strong-willed. (Will+) [potion of
                  | mutation]
163725 | Zig:24   | Gained mutation: You do not regenerate when monsters are
                  | visible. [potion of mutation]
163725 | Zig:24   | Gained mutation: Your body sometimes deteriorates upon
                  | taking damage. [potion of mutation]
163726 | Zig:24   | Lost mutation: Your body sometimes deteriorates upon taking
                  | damage. [potion of mutation]
163726 | Zig:24   | Lost mutation: You are strong-willed. (Will+) [potion of
                  | mutation]
163726 | Zig:24   | Lost mutation: You do not regenerate when monsters are
                  | visible. [potion of mutation]
163726 | Zig:24   | Gained mutation: You are strong-willed. (Will+) [potion of
                  | mutation]
163726 | Zig:24   | Gained mutation: You are vulnerable to cold. (rC-) [potion
                  | of mutation]
163726 | Zig:24   | Gained mutation: Your spells are a little harder to cast,
                  | but a little more powerful. [potion of mutation]
163744 | Zig:25   | Entered Level 25 of a ziggurat
163967 | Zig:25   | Found the +6 Majin-Bo {spellvamp, MP+6 Int+6}
163982 | Zig:25   | Got the Lectures on Resurrection
163997 | Zig:25   | Identified the +4 short sword of Ashenzari's Regard
                  | {antimagic, rN+ Str+3 SInv}
164029 | Zig:25   | Identified the +8 falchion of Dishonour {antimagic, Fragile
                  | rF++}
164031 | Zig:25   | Identified the +11 great sword of the Whale {pain, rC+
                  | SInv}
164045 | Zig:26   | Entered Level 26 of a ziggurat
164069 | Zig:26   | Noticed a royal mummy
164077 | Zig:26   | Killed a royal mummy
164119 | Zig:26   | Noticed a royal mummy
164121 | Zig:26   | Noticed a royal mummy
164123 | Zig:26   | Killed a royal mummy
164128 | Zig:26   | Killed a royal mummy
164132 | Zig:26   | Noticed a royal mummy
164133 | Zig:26   | Noticed a royal mummy
164134 | Zig:26   | Noticed a royal mummy
164135 | Zig:26   | Noticed a royal mummy
164137 | Zig:26   | Killed a royal mummy
164137 | Zig:26   | Killed a royal mummy
164138 | Zig:26   | Killed a royal mummy
164139 | Zig:26   | Killed a royal mummy
164139 | Zig:26   | Noticed a royal mummy
164140 | Zig:26   | Noticed a royal mummy
164142 | Zig:26   | Noticed a royal mummy
164145 | Zig:26   | Noticed a royal mummy
164153 | Zig:26   | Killed a royal mummy
164153 | Zig:26   | Killed a royal mummy
164156 | Zig:26   | Killed a royal mummy
164160 | Zig:26   | Noticed a royal mummy
164162 | Zig:26   | Noticed a royal mummy
164166 | Zig:26   | Noticed a royal mummy
164172 | Zig:26   | Killed a royal mummy
164177 | Zig:26   | Noticed a royal mummy
164187 | Zig:26   | Killed a royal mummy
164204 | Zig:26   | Noticed a royal mummy
164207 | Zig:26   | Noticed a royal mummy
164209 | Zig:26   | Killed a royal mummy
164211 | Zig:26   | Noticed a royal mummy
164212 | Zig:26   | Noticed a royal mummy
164213 | Zig:26   | Killed a royal mummy
164214 | Zig:26   | Killed a royal mummy
164215 | Zig:26   | Killed a royal mummy
164215 | Zig:26   | Killed a royal mummy
164216 | Zig:26   | Reached skill level 5 in Necromancy
164216 | Zig:26   | Noticed a royal mummy
164218 | Zig:26   | Killed a royal mummy
164229 | Zig:26   | Killed a royal mummy
164230 | Zig:26   | Killed a royal mummy
164549 | Zig:26   | Identified the ring of Jotzimil {Str+3 Int+6}
164558 | Zig:26   | Identified the ring "Onurgh" {Fire Fly Will+++ Str-3
                  | Slay-3}
164561 | Zig:26   | Identified the +11 long sword of Atumimm {flame, *Corrode
                  | rElec rF+ rC+++}
164636 | Zig:26   | Acquired the +7 tower shield of Lugonu {Dex+5}
164746 | Zig:26   | Identified the +2 broad axe of Ravage {drain, rN+ Will+
                  | rCorr Int+2}
164777 | Zig:26   | Identified the +9 rapier "Kaintohi" {speed, rElec rC+}
164956 | Zig:27   | Entered Level 27 of a ziggurat
164989 | Zig:27   | Reached skill level 10 in Necromancy
165251 | Zig:27   | Identified the ring "Caixt" {rCorr Dex+3}
165257 | Zig:27   | Identified the +5 arbalest of Might {penet, rPois Will++
                  | Dex-3}
165284 | Zig:27   | Identified the ring of Ciazeips {EV+5 Dex+2}
165303 | Zig:27   | Identified the staff of death "Mideh" {rN+ rCorr}
165313 | Zig:27   | Identified the +5 shortbow of Itzez {heavy, rElec SInv}
165339 | Zig:27   | Identified the staff of poison "Xuaxt" {rPois rF+++ rN++
                  | Dex-3}
165413 | Zig:27   | Identified the +5 chain mail of the Worm {rC- Str+4 Stlth+}
165601 | Depths:2 | Bought a dazzling hat for 297 gold pieces
165601 | Depths:2 | Identified the +0 hat of Uskayaw's Whim {*Corrode rN+ Int+2
                  | Slay+4} (You bought it in a shop on level 2 of the Depths)
165914 | Geh:7    | Bought the ring of the Tortoise {AC+8} for 1920 gold pieces
165914 | Geh:7    | Found the ring of the Tortoise {AC+8}
166203 | Depths:2 | Lost mutation: You are strong-willed. (Will+) [potion of
                  | mutation]
166203 | Depths:2 | Lost mutation: You are vulnerable to cold. (rC-) [potion of
                  | mutation]
166203 | Depths:2 | Gained mutation: You sometimes lose your temper in combat.
                  | [potion of mutation]
166203 | Depths:2 | Gained mutation: You are clumsy. (Dex -2) [potion of
                  | mutation]
166203 | Depths:2 | Gained mutation: You have an uncontrollable temper. [potion
                  | of mutation]
166203 | Depths:2 | Gained mutation: Your muscles are strong. (Str +4, Int/Dex
                  | -1) [potion of mutation]
166204 | Depths:2 | Lost mutation: You have an uncontrollable temper. [potion
                  | of mutation]
166204 | Depths:2 | Lost mutation: You sometimes lose your temper in combat.
                  | [potion of mutation]
166204 | Depths:2 | Lost mutation: Your spells are a little harder to cast, but
                  | a little more powerful. [potion of mutation]
166204 | Depths:2 | Gained mutation: You have an increased reservoir of magic.
                  | (+10% MP) [potion of mutation]
166204 | Depths:2 | Gained mutation: You are somewhat resistant to further
                  | mutation. [potion of mutation]
166205 | Depths:2 | Lost mutation: You are clumsy. (Dex -2) [potion of
                  | mutation]
166205 | Depths:2 | Lost mutation: You are somewhat resistant to further
                  | mutation. [potion of mutation]
166205 | Depths:2 | Lost mutation: You have an increased reservoir of magic.
                  | (+10% MP) [potion of mutation]
166205 | Depths:2 | Gained mutation: You are partially covered in iridescent
                  | scales. (AC +2) [potion of mutation]
166205 | Depths:2 | Lost mutation: Your muscles are strong. (Str +4, Int/Dex
                  | -1) [potion of mutation]
166205 | Depths:2 | Gained mutation: One of your tentacles bears a spike.
                  | [potion of mutation]
166610 | Pan      | Entered Pandemonium
166809 | Pan      | Found an exit through the horrors of the Abyss.
166849 | Pan      | Noticed Rud Zaro the pandemonium lord
166854 | Pan      | Killed Rud Zaro the pandemonium lord
166859 | Pan      | Identified the +1 mace of Remiesk {venom, Fly MP+9}
167486 | Pan      | Gained mutation: You sometimes lose your temper in combat.
                  | [a cacodemon]
167489 | Pan      | Gained mutation: You are vulnerable to heat. (rF-) [a
                  | cacodemon]
167606 | Pan      | Lost mutation: You are vulnerable to heat. (rF-) [potion of
                  | mutation]
167606 | Pan      | Lost mutation: One of your tentacles bears a spike. [potion
                  | of mutation]
167606 | Pan      | Lost mutation: You sometimes lose your temper in combat.
                  | [potion of mutation]
167606 | Pan      | Gained mutation: Your mind is acute. (Int +4, Str/Dex -1)
                  | [potion of mutation]
167671 | Pan      | Found a transporter.
167830 | Pan      | Found a transporter.
167835 | Pan      | Identified the ring "Walabe" {Wiz Will+ MP+9}
167851 | Pan      | Identified the ring of Ycoevuaf {rElec AC+4}
167930 | Pan      | Noticed Obayll the pandemonium lord
167939 | Depths:2 | Escaped Pandemonium
167944 | Depths:2 | Killed Obayll the pandemonium lord
168213 | Tomb:1   | Entered Level 1 of the Tomb of the Ancients
168651 | Vaults:5 | Learned a level 8 spell: Necromutation
168900 | Tomb:1   | Found the +6 lightning scales {swift, rElec}
169107 | Tomb:1   | Noticed a royal mummy
169107 | Tomb:1   | Noticed a royal mummy
169114 | Tomb:1   | Killed a royal mummy
169116 | Tomb:1   | Killed a royal mummy
169117 | Tomb:1   | Noticed a royal mummy
169126 | Tomb:1   | Killed a royal mummy
169147 | Tomb:1   | Noticed a royal mummy
169160 | Tomb:1   | Killed a royal mummy
169161 | Tomb:1   | Reached skill level 15 in Necromancy
169492 | Tomb:1   | Identified the staff of fire "Qosmuox" {rF+ rC- rN+ Int+3}
169665 | Tomb:2   | Noticed a royal mummy
169666 | Tomb:2   | Noticed a royal mummy
169666 | Tomb:2   | Noticed a royal mummy
169666 | Tomb:2   | Noticed a royal mummy
169667 | Tomb:2   | Noticed a royal mummy
169673 | Tomb:2   | Killed a royal mummy
169674 | Tomb:2   | Killed a royal mummy
169674 | Tomb:2   | Killed a royal mummy
169678 | Tomb:2   | Killed a royal mummy
169679 | Tomb:2   | Killed a royal mummy
170312 | Tomb:3   | Entered Level 3 of the Tomb of the Ancients
170326 | Tomb:3   | Noticed a royal mummy
170327 | Tomb:3   | Reached skill level 15 in Ice Magic
170327 | Tomb:3   | Noticed a royal mummy
170329 | Tomb:3   | Noticed a royal mummy
170330 | Tomb:3   | Killed a royal mummy
170332 | Tomb:3   | Killed a royal mummy
170332 | Tomb:3   | Noticed a royal mummy
170343 | Tomb:3   | Killed a royal mummy
170344 | Tomb:3   | Killed a royal mummy
170365 | Tomb:3   | Noticed a royal mummy
170375 | Tomb:3   | Noticed a royal mummy
170377 | Tomb:3   | Noticed a royal mummy
170378 | Tomb:3   | Killed a royal mummy
170380 | Tomb:3   | Noticed a royal mummy
170389 | Tomb:3   | Noticed a royal mummy
170391 | Tomb:3   | Killed a royal mummy
170392 | Tomb:3   | Killed a royal mummy
170394 | Tomb:3   | Killed a royal mummy
170395 | Tomb:3   | Killed a royal mummy
170659 | Tomb:3   | Identified the +7 quick blade of Blind Justice {vamp, rC++
                  | Will- rCorr Stlth+}
170669 | Tomb:3   | Identified the +7 short sword "Xeommiub" {heavy, rC+}
170671 | Tomb:3   | Identified the +9 quarterstaff of the Holding Scavenger
                  | {holy, *Corrode Str+4 Dex+3}
170681 | Tomb:3   | Identified the +6 mace "Hydrabane" {venom, rC+ Int-3 SInv}
170700 | Tomb:3   | Identified the +2 mace "Yjimofou" {drain, *Rage Fly rCorr
                  | Stlth-}
170723 | Tomb:3   | Identified the +1 great mace "Etavyth" {antimagic, Contam
                  | Str+4 Stlth+}
170729 | Tomb:3   | Identified the +11 sling "Seiv" {flame, rF- Will++ Int+5}
170744 | Tomb:3   | Identified the +6 glaive of Fafiun {heavy, Fly rC+ rN+
                  | Int-2}
170823 | Tomb:3   | Identified the +1 trident of Tartarus {spect, Str+4}
170990 | Tomb:3   | Got a golden rune of Zot
171743 | Zot:5    | Got the Orb of Zot
171977 | Depths:3 | Reached skill level 27 in Fire Magic
172461 | D:1      | Noticed Gipyloimon the pandemonium lord
172461 | D:$      | Escaped with the Orb!

Illustrated notes

Levels and vault maps discovered:
D:1:      dpeg_arrival_solitude, layout_loops_cross,
          shapermc_ecumenical_altar_mp_urbaneastern
D:2:      layout_basic, serial_shops, shop_fountains, chequers_avenue,
          chequers_serial_rivers_micro_a, uniq_robin
D:3:      layout_loops_cross, amethyst_killhole
D:4:      layout_loops_ring, lightli_temple_of_fire
D:5:      minmay_polygon_palace, layout_basic, general_overflow_altar,
          nicolae_overflow_crystal_walls, minmay_temple_entry_drinking_statues,
          uniq_pikel
D:6:      layout_basic, serial_shops, shop, serial_bayou_ford_a,
          hangedman_decor_clover_reticule, lemuel_flamethrower_2
D:7:      layout_basic, tso_metal_star, led_sif_pool
D:8:      layout_layer_cave, lemuel_coloured_pillars_altar,
          worldfamousw_hep_ancestral_shrine
D:9:      layout_gridville, mainiacjoe_overflow_boulevard, lair_entry_dummy,
          serial_ice, serial_ice_d, serial_ice_g, serial_ice_h, serial_ice_m,
          serial_ice_o, serial_ice_i, serial_ice_f, serial_shops,
          nicolae_shop_pleasant_corner_grove, enter_bailey_6
D:10:     layout_basic, grunt_nemelex_the_gamble,
          amethyst_overflow_temple_binary, mainiacjoe_overflow_small_starburst,
          minmay_fountain_box, grunt_ministairs_14, guppyfry_shop_venom
D:11:     layout_loops_ring, gammafunk_ghost_hydra_chop
D:12:     layout_irregular_city, kennysheep_orc_monster_closet_entryway,
          serial_shops, shop, chequers_jeans, chequers_garden,
          minmay_crystal_box, uniq_rupert
D:13:     nzn_motion_control, layout_basic, drop_trap, minmay_sticks_and_stones
D:14:     layout_irregular_city, hangedman_vaults_entry_quadrant_bands,
          hangedman_decor_riveting, st_stairs_1
D:15:     hangedman_depths_entry_try_elsewhere_first, layout_irregular_city,
          cheibriados_altar_1
Temple:   eino_temple_lava
Lair:1:   layout_big_grid, minmay_hedge_maze
Lair:2:   layout_small_grid, nicolae_swamp_entry_splash_gauntlet,
          nicolae_spider_entry_tight_spaces, basic_altar
Lair:3:   layout_hall_layers, nicolae_lair_lindhole, lemuel_fruit_tree,
          grunt_megastairs_4, serial_bayou_shore_b
Lair:4:   layout_gridlike, gammafunk_ghost_berserking_beasts
Lair:5:   minmay_lair_end_enchanted_forest, layout_big_grid, slime_entry_1
Swamp:1:  layout_falls_marsh, serial_swamp_ruin, hangedman_swamp_ruin_wall,
          evilmike_swamp_ruin_house_5, swamp_pool1
Swamp:2:  layout_falls_marsh, nicolae_swamp_tree_isthmus, swamp_pool1,
          infiniplex_staircase_pool
Swamp:3:  nicolae_swamp_long_stream, layout_falls_marsh,
          evilmike_swamp_ruin_house_2, swamp_pool3, uniq_roxanne
Swamp:4:  swamp_basic_johnstein, layout_basic_swamp, swamp_pool1,
          nicolae_swamp_necromancy_gone_wrong
Spider:1: layout_spider_delve, ebering_ghost_rock_garden, drop_trap,
          nicolae_spider_rock_and_or_roll
Spider:2: layout_chambers, beargit_elvish_explorers, nicolae_spider_cling_halls
Spider:3: layout_spider_delve, nicolae_spider_some_kinda_spiderbox
Spider:4: grunt_spider_rune_parallel, portal_ice_cave_entry_ice_simulacra,
          uniq_arachne
Slime:1:  layout_caves, basic_altar
Slime:2:  layout_caves
Slime:3:  layout_caves
Slime:4:  nicolae_slime_jelly_donut, layout_caves,
          nicolae_slime_rock_hall_of_fame
Slime:5
Orc:1:    layout_caves
Orc:2:    st_orc_congregation, layout_caves, serial_shops,
          nicolae_shop_behind_doors, shop, shop, nicolae_shop_trees,
          nicolae_shop_advertising_works [nicolae_subvault_shop_adworks],
          uniq_saint_roka
Elf:1:    hangedman_staggered_hall, layout_loops_corners, serial_shops, shop,
          minmay_elf_annihilation, serial_sigils_hangedman_gut
Elf:2:    elven_hall_of_blades_hangedman_original
          [nicolae_blade_entry_pointy_end], layout_gridlike, lemuel_elevator
Elf:3:    nooodl_elf_gasket, layout_onion_city, serial_shops, shop, shop, shop,
          shop, uniq_aizul
Vaults:1: nicolae_vaults_offset_grid_hallway_3, nicolae_vaults_tetromino_L_2,
          vaults_mumra_hexcomb, st_greater_box_1, ontoclasm_vaults_chip,
          nicolae_vaults_offset_grid_hallway_4,
          nicolae_vaults_mini_display_case, ontoclasm_vaults_hangar,
          v_alt_pattern_5, serial_ice_h, ontoclasm_vaults_chip, serial_ice_m,
          nicolae_vaults_network_square, nicolae_vaults_double_plus_1,
          layout_vaults_maze_snakey
Vaults:2: minmay_crypt_entry_simple_box, nicolae_vaults_oval_intersection,
          nicolae_vaults_circle_grid_b, nicolae_vaults_oozy_zoo,
          ontoclasm_vaults_idyll, nicolae_vaults_six-pack,
          nicolae_vaults_wrenched, v_misc_11, nicolae_vaults_yaktaur_gun_rack,
          nicolae_vaults_tangram_2, v_pattern_5, layout_vaults_omnibox
Vaults:3: nicolae_vaults_circle_grid_a, ontoclasm_vaults_fault,
          ontoclasm_vaults_ring_square, dpeg_vaults_waves,
          nicolae_vaults_network_quincunx
          [nicolae_vaults_network_quincunx_subvault,
          nicolae_vaults_network_quincunx_subvault,
          nicolae_vaults_network_quincunx_subvault,
          nicolae_vaults_network_quincunx_subvault,
          nicolae_vaults_network_quincunx_subvault],
          hangedman_vaults_corner_blocks, vaults_room_pool, v_misc_3,
          layout_vaults_omnigrid, uniq_jory
Vaults:4: advil_vaults_ghost_guards, nicolae_vaults_security_offices_6,
          ontoclasm_vaults_pinch, v_rooms_2, hangedman_vaults_cutoff,
          nicolae_vaults_sesquioval_fish, v_misc_11, vaults_dpeg_doors,
          v_rooms_5, nicolae_vaults_surprise_closet, vaults_room_pools,
          layout_vaults_omnicross, uniq_donald, uniq_zenata
Vaults:5: serial_shops
Crypt:1:  layout_misc_corridors, uniq_khufu, uniq_frederick
Crypt:2:  layout_chaotic_city, serial_sigils_hangedman_quiver
Crypt:3:  due_elkab, layout_chaotic_city, nicolae_tomb_entry_grand_gallery,
          basic_altar
Tomb:1
Tomb:2
Tomb:3
Depths:1: minmay_crystal_thing, layout_gridlike, mu_enter_wizlab_3,
          hangedman_decor_push, serial_shops, shop, hell_entry,
          abyss_entry_glasseish, grunt_decor_fettered, kennysheep_another_room,
          zin_treasury
Depths:2: kennysheep_bubbly, layout_cave_shapes, pf_coc_iceberg, pan_entry,
          kennysheep_decorative_pillar, minmay_holes,
          nicolae_dithmenos_the_darkroom, uniq_nikola
Depths:3: kennysheep_big_flooded_room, layout_honeycomb, minmay_misc_feat_doors,
          hell_entry, abyss_entry, kennysheep_cluttered_room,
          roderic_lattice_octagonal_star, uniq_parghit, uniq_vv, uniq_grunn,
          uniq_josephina
Depths:4: grunt_zot_entry_alcove, layout_gridlike, enter_ziggurat_a,
          serial_sigils, serial_sigils_hangedman_writhe,
          serial_sigils_hangedman_scratch, serial_sigils_hangedman_scar,
          serial_sigils_hangedman_etch, abyss_entry, grunt_pan_entry_zigzag,
          hell_entry, uniq_mennas
Hell
Dis:1:    layout_regular_city
Dis:2:    layout_jigsaw, nicolae_dis_bowling_alley
Dis:3:    layout_gridville, nicolae_dis_distal_crystal
Dis:4:    layout_overlapping_boxes
Dis:5:    layout_overlapping_boxes, nicolae_dis_fourth_circle
Dis:6:    kennysheep_iron_temple, layout_overlapping_boxes
Dis:7:    iron_city_of_dis [dis_mu, dis_wall_3], layout_gridville
Geh:1:    layout_gehenna_pools_basic
Geh:2:    layout_gehenna_pools_basic
Geh:3:    nicolae_geh_tyrants_menagerie, layout_gehenna_pools_basic
Geh:4:    layout_gehenna_pools_triple
Geh:5:    layout_gehenna_pools_triple
Geh:6:    layout_gehenna_pools_triple, lemuel_hellish_altar
Geh:7:    evilmike_geh
Coc:1:    layout_ice_bergs
Coc:2:    layout_cocytus_water_paths, nicolae_coc_statues_of_limitations
Coc:3:    layout_ice_bergs
Coc:4:    layout_cocytus_delve
Coc:5:    layout_ice_bergs
Coc:6:    layout_ice_bergs
Coc:7:    coc_old
Tar:1:    layout_cathedral_of_symmetry
Tar:2:    layout_grid_maze
Tar:3:    layout_grid_maze
Tar:4:    layout_cathedral_of_symmetry
Tar:5:    layout_grid_maze
Tar:6:    layout_grid_maze
Tar:7:    tar_old
Zot:1:    kennysheep_spiral_hall, layout_cathedral_of_symmetry
Zot:2:    lemuel_draconian_sentries_small, layout_concentric_octagons,
          st_stairs_6
Zot:3:    gammafunk_the_bubble [the_bubble_gammafunk_split],
          layout_concentric_octagons
Zot:4:    layout_cathedral_of_symmetry, drop_trap, skrybe_zot_glass_1
Zot:5:    layout_gridlike

Skill      XL: |  1  2  3  4  5  6  7  8  9 10 11 12 13 14 15 16 17 18 19 20 21 22 23 24 25 26 27 |
---------------+----------------------------------------------------------------------------------+-----
Dodging        | 4 5 7 10 13 15 16 17 18 19 20 21 22 27 | 27.0
Stealth        | 1 3 5 8 9 10 11 13 14 19 21 22 23 27 | 27.0
Fighting       | 4 5 7 9 10 13 16 17 18 19 20 21 27 | 27.0
Short Blades   | 2 3 4 5 7 8 9 10 | 10.2
Shields        | 2 4 5 7 9 10 12 14 16 17 20 21 23 24 26 27 | 27.0
Long Blades    | 7 10 13 26 | 26.5
Spellcasting   | 2 4 5 27 | 27.0
Conjurations   | 4 21 | 21.0
Evocations     | 3 4 5 19 | 19.3
Transmutations | 2 20 | 20.0
Summonings     | 4 14 | 14.0
Air Magic      | 7 15 27 | 27.0
Earth Magic    | 21 | 21.0
Fire Magic     | 27 | 27.0
Ranged Weapons | 4 |  4.1
Hexes          | 14 | 14.0
Translocations | 21 | 21.8
Ice Magic      | 15 | 15.0
Necromancy     | 15 | 15.0
Staves         | |  0.6
Unarmed Combat | |  0.3

Action                     |  1- 3 |  4- 6 |  7- 9 | 10-12 | 13-15 | 16-18 | 19-21 | 22-24 | 25-27 || total
---------------------------+-------+-------+-------+-------+-------+-------+-------+-------+-------++-------
  Melee: Falchion          |    75 |    20 |       |       |       |       |       |       |       ||    95
         Constrict         |    22 |    35 |    48 |    90 |   213 |   135 |   266 |   150 |  1351 ||  2310
         Tentacles         |    14 |    26 |    94 |   286 |   649 |   356 |   452 |   843 |  3742 ||  6462
         Punch             |     1 |     2 |     5 |    21 |    31 |    22 |    30 |    56 |   237 ||   405
         Dagger            |       |    68 |   297 |   546 |  1379 |     9 |       |       |       ||  2299
         Short sword       |       |       |       |   332 |    18 |     1 |       |       |       ||   351
         Demon blade       |       |       |       |       |   256 |   803 |   880 |   909 |  1738 ||  4586
         Bite              |       |       |       |       |       |   160 |    32 |       |       ||   192
         Rapier            |       |       |       |       |       |   210 |     5 |       |       ||   215
         Eudemon blade     |       |       |       |       |       |       |   263 |   752 |  5893 ||  6908
         Quick blade       |       |       |       |       |       |       |   101 |    40 |     6 ||   147
         Cutlass           |       |       |       |       |       |       |    97 |   238 |  1624 ||  1959
         Kick              |       |       |       |       |       |       |       |       |  1257 ||  1257
         Double sword      |       |       |       |       |       |       |       |       |  2463 ||  2463
         Staff             |       |       |       |       |       |       |       |       |    52 ||    52
         Bo                |       |       |       |       |       |       |       |       |     9 ||     9
  Throw: Throwing net      |       |       |       |       |     1 |       |       |       |       ||     1
   Cast: Scorch            |       |       |       |       |    13 |       |       |       |       ||    13
         Mephitic Cloud    |       |       |       |       |     6 |       |     2 |     1 |     9 ||    18
         Wereblood         |       |       |       |       |       |       |     2 |       |    72 ||    74
         Silence           |       |       |       |       |       |       |       |       |    12 ||    12
         Manifold Assault  |       |       |       |       |       |       |       |       |   949 ||   949
         Ignition          |       |       |       |       |       |       |       |       |   120 ||   120
         Statue Form       |       |       |       |       |       |       |       |       |    74 ||    74
         Chain Lightning   |       |       |       |       |       |       |       |       |    69 ||    69
         Monstrous Menager |       |       |       |       |       |       |       |       |    52 ||    52
         Shatter           |       |       |       |       |       |       |       |       |    36 ||    36
         Arcjolt           |       |       |       |       |       |       |       |       |    35 ||    35
         Plasma Beam       |       |       |       |       |       |       |       |       |    26 ||    26
         Conjure Ball Ligh |       |       |       |       |       |       |       |       |    22 ||    22
         Freezing Cloud    |       |       |       |       |       |       |       |       |    22 ||    22
         Blink             |       |       |       |       |       |       |       |       |    18 ||    18
         Dazzling Flash    |       |       |       |       |       |       |       |       |    17 ||    17
         Necromutation     |       |       |       |       |       |       |       |       |    15 ||    15
         Ozocubu's Refrige |       |       |       |       |       |       |       |       |    15 ||    15
         Summon Cactus Gia |       |       |       |       |       |       |       |       |    14 ||    14
         Yara's Violent Un |       |       |       |       |       |       |       |       |    13 ||    13
         Summon Horrible T |       |       |       |       |       |       |       |       |    11 ||    11
         Summon Guardian G |       |       |       |       |       |       |       |       |     9 ||     9
         Hailstorm         |       |       |       |       |       |       |       |       |     6 ||     6
         Gell's Gravitas   |       |       |       |       |       |       |       |       |     5 ||     5
         Passwall          |       |       |       |       |       |       |       |       |     2 ||     2
         Discord           |       |       |       |       |       |       |       |       |     2 ||     2
         Lesser Beckoning  |       |       |       |       |       |       |       |       |     1 ||     1
 Invoke: Call Merchant     |       |       |       |     1 |     1 |     1 |     3 |     2 |    15 ||    23
         Potion Petition   |       |       |       |       |     2 |     2 |     2 |     1 |    34 ||    41
         Bribe Branch      |       |       |       |       |       |       |       |       |     3 ||     3
Ability: Evoke Blink       |       |       |       |       |       |       |       |       |    11 ||    11
         End Transformatio |       |       |       |       |       |       |       |       |     2 ||     2
  Evoke: Wand              |       |       |     1 |    12 |    11 |    21 |    11 |       |    63 ||   119
         Box of beasts     |       |       |       |       |       |     1 |     1 |     1 |     5 ||     8
         Phantom mirror    |       |       |       |       |       |       |       |       |    15 ||    15
         Lightning rod     |       |       |       |       |       |       |       |       |     8 ||     8
         Horn of Geryon    |       |       |       |       |       |       |       |       |     6 ||     6
         Figurine of a zig |       |       |       |       |       |       |       |       |     1 ||     1
    Use: Scroll            |       |    15 |     4 |    17 |    14 |     9 |    32 |     7 |   112 ||   210
         Potion            |       |       |     2 |     8 |    21 |    13 |    24 |     7 |   146 ||   221
   Stab: Distracted        |     1 |       |     4 |     6 |    28 |    23 |    43 |    29 |   467 ||   601
         Sleeping          |     1 |     6 |     9 |    21 |    36 |    47 |    49 |    40 |   156 ||   365
         Invisible         |       |       |       |       |     4 |       |     3 |       |    28 ||    35
         Confused          |       |       |       |       |     4 |       |       |       |     5 ||     9
         Petrified         |       |       |       |       |       |       |       |       |     8 ||     8
         Petrifying        |       |       |       |       |       |       |       |       |     4 ||     4
         Paralysed         |       |       |       |       |       |       |       |       |     1 ||     1
 Armour: Skin              |     8 |     6 |    25 |   155 |    88 |    51 |    34 |    26 |   332 ||   725
  Dodge: Dodged            |    48 |    72 |   140 |   544 |  1061 |   703 |   595 |   688 |  6652 || 10503
  Block: Buckler           |       |       |       |   336 |   641 |       |       |       |       ||   977
         Tower shield      |       |       |       |       |    73 |  1199 |  1585 |  2278 | 13542 || 18677
         Reflection        |       |       |       |       |       |       |       |       |    63 ||    63
         Other             |       |       |       |       |       |       |       |       |    10 ||    10
